Workbook
Name assocfirm: #REF!
Name assofirm: #REF!
Name cogm: #REF!
Name cogs: #REF!
Name demp: #REF!
Name fexp: #REF!
Name gsa: #REF!
Name iemp: #REF!
Name ndsv: #REF!
Name nsv: #REF!
Name POR: #REF!
Name ppc: #REF!
Name quest11: #REF!
Name quest7: #REF!
Name quest8: AddPro!#REF!
Name quest8: AddPub!#REF!
Name quest8: Confirm!#REF!
Name quest8: Info!#REF!
Name quest8: Intro!#REF!
Name quest8: Pro!#REF!
Name quest8: Public!#REF!
Name quest8: #REF!

Sheet Variables
A1: Variable | B1: English | C1: French | F1: Data Validation comments
A2: Case Number | B2: NQ-2026-006 | C2: =B2 -> NQ-2026-006 | F2: 1000 character limit | limite de 1000 caractères
A3: The Goods | B3: Wheat Gluten II | C3: Gluten de blé II | F3: Maximum length reached. Please use the AddPub tab to add further info. | La limite maximale de caractères est atteinte. SVP utiliser l'onglet AddPub pour ajouter plus d'information.
A4: Type | B4: dumping and subsidizing | C4: le dumping et le subventionnement | F4: Maximum length reached. Please use the AddPro tab to add further info. | La limite maximale de caractères est atteinte. SVP utiliser l'onglet AddPro pour ajouter plus d'information.
A5: Subject Countries (incl. French pronouns) | B5: Italy, Poland and the UK | C5: d'Italie, de Pologne et du R.U.
A6: First Year of POI | B6: 2023 | C6: =B6 -> 2023 | F6: Important notes for formatting
A7: Last Day of POI | B7: June 30 | C7: 30 juin | F7: When adding or modifying columns, please ensure the total of all column widths in a tab equals 1760 pixels to allow for consistent scaling when exported to PDF.
A8: Last Year of POI | B8: 2025 | C8: =B8 -> 2025 | F8: i.e. columns B-L should be 160 pixels each.
A9: Int period 1 | B9: Jan-Jun 2025 | C9: janv.-juin 2025 | F9: Insert and merge rows where needed to expand height of text boxes.
A10: Int period 2 | B10: Jan-Jun 2026 | C10: janv.-juin 2026
A11: Due Date | B11: October 9, 2026 | C11: 9 octobre 2026
A13: Analyst 1 | B13: Joseph Long | C13: Joseph.Long@tribunal.gc.ca | D13: (343) 597-3847
A14: Analyst 2 | B14: François Thivierge | C14: Francois.Thivierge@tribunal.gc.ca | D14: (343) 550-4453
A16: Product Defn | B16: Wheat gluten, whether or not blended with wheat flour, salt or any other substance, with a minimum wheat protein content of 40% by weight on a dry basis calculated using a Jones Factor of 5.7, but excluding (i) devitalized wheat gluten; (ii) hydrolyzed wheat gluten; (iii) wheat protein isolates; and (iv) organic wheat gluten that is certified organic in accordance with and otherwise meets the requirements of the Food and Drugs Act, R.S.C., 1985, c. F-27, and regulations made thereunder, and the Safe Food for Canadians Act, S.C. 2012, c. 24, and regulations made thereunder including the Safe Food for Canadians Regulations, S.O.R./2018 108, all of which as may be amended or replaced from time to time (the subject goods). For greater certainty, the subject goods include but are not limited to vital wheat gluten as defined by the World Health Organization’s Codex Standard 163-1987, Rev. 1-2001 (“Standard for Wheat Protein Products Including Wheat Gluten”) | C16: Gluten de blé, mélangé ou non avec de la farine de blé, du sel ou toute autre substance, ayant une teneur minimale en protéines de blé de 40 % en poids sur une base sèche, calculée selon un facteur de Jones de 5.7, mais excluant (i) le gluten de blé dénaturé; (ii) le gluten de blé hydrolysé; (iii) les isolats de protéines de blé; et (iv) le gluten de blé certifié biologique, conformément à la Loi sur les aliments et drogues (L.R.C. 1985, ch. F-27) et à ses règlements d’application ainsi qu’à la Loi sur la salubrité des aliments au Canada (L.C. 2012, ch. 24) et à ses règlements d’application, y compris le Règlement sur la salubrité des aliments au Canada (DORS/2018-108), et répondant autrement aux exigences de ces lois et règlements, qui peuvent être périodiquement modifiés ou remplacés. Il est entendu que les marchandises en cause comprennent notamment le gluten de blé élastique tel que défini par la norme 163-1987 du Codex de l’Organisation mondiale de la Santé, Rév. 1-2001 (« Norme pour les produits à base de blé incluant le gluten de blé »).
A17: Additional Product Info | B17: https://www.cbsa-asfc.gc.ca/sima-lmsi/mif-mev/mif-mev-stats-eng.html#wg | C17: https://www.cbsa-asfc.gc.ca/sima-lmsi/mif-mev/mif-mev-stats-fra.html#wg
A20: HS Codes prior to change | B20: 1109.00.10.00 1109.00.20.00 | C20: =+B20 -> 1109.00.10.00 1109.00.20.00
A23: Unit of measure (plural) | B23: Tonnes | C23: Tonnes
A24: Unit of measure (singular) | B24: Tonne | C24: Tonne
A26: Trade Level 1 (plural) | B26: =B43&"s" -> Distributors | C26: =C43&"s" -> Distributeurs
A27: Trade Level 2 (plural) | B27: =B44&"s" -> End users | C27: utilisateurs finals
A29: Import Countries
A30: Subject | B30: Wheat Gluten I | C30: Gluten de blé I | D30: =IF(Intro!$G$21="english",B30,C30) -> Gluten de blé I
A31: Subject | B31: Republic of Italy | C31: République d'Italie | D31: =IF(Intro!$G$21="english",B31,C31) -> République d'Italie
A32: Subject | B32: United Kingdom | C32: Royaume-Uni | D32: =IF(Intro!$G$21="english",B32,C32) -> Royaume-Uni
A33: Subject | B33: Poland | C33: Pologne | D33: =IF(Intro!$G$21="english",B33,C33) -> Pologne
A34: US | B34: United States of America | C34: États-Unis d'Amérique | D34: =IF(Intro!$G$21="english",B34,C34) -> États-Unis d'Amérique
A35: Other Countries | B35: Other Countries | C35: Autres Pays | D35: =IF(Intro!$G$21="english",B35,C35) -> Autres Pays
A36: Other countries | B36: Other countries | C36: Autres pays | D36: =IF(Intro!$G$21="english",B36,C36) -> Autres pays
A38: Drop down lists (MODIFY AS PER CASE SPECIFICS)
A40: Intro, Confirm | B40: Yes | C40: Oui | D40: =IF(Intro!$G$21="english",B40,C40) -> Oui
B41: No | C41: Non | D41: =IF(Intro!$G$21="english",B41,C41) -> Non
A43: Public Question 1 | B43: Distributor | C43: Distributeur | D43: =IF(Intro!$G$21="English",B43,C43) -> Distributeur
B44: End user | C44: Utilisateur final | D44: =IF(Intro!$G$21="English",B44,C44) -> Utilisateur final
A46: Public Question 7 | B46: Always | C46: Toujours | D46: =IF(Intro!G$21="English",Variables!B46,Variables!C46) -> Toujours
B47: Usually | C47: Généralement | D47: =IF(Intro!G$21="English",Variables!B47,Variables!C47) -> Généralement
B48: Sometimes | C48: Parfois | D48: =IF(Intro!G$21="English",Variables!B48,Variables!C48) -> Parfois
B49: Never | C49: Jamais | D49: =IF(Intro!G$21="English",Variables!B49,Variables!C49) -> Jamais
A51: Public Question 11 | B51: Very important | C51: Très Important | D51: =IF(Intro!G$21="English",Variables!B51,Variables!C51) -> Très Important
B52: Somewhat Important | C52: Assez important | D52: =IF(Intro!G$21="English",Variables!B52,Variables!C52) -> Assez important
B53: Not Important | C53: Pas important | D53: =IF(Intro!G$21="English",Variables!B53,Variables!C53) -> Pas important
A55: Public Question 13 | B55: Always | C55: Toujours | D55: =IF(Intro!G$21="English",Variables!B55,Variables!C55) -> Toujours
B56: Usually | C56: Généralement | D56: =IF(Intro!G$21="English",Variables!B56,Variables!C56) -> Généralement
B57: Sometimes | C57: Parfois | D57: =IF(Intro!G$21="English",Variables!B57,Variables!C57) -> Parfois
B58: Never | C58: Jamais | D58: =IF(Intro!G$21="English",Variables!B58,Variables!C58) -> Jamais
B59: Do not know | C59: Je ne sais pas | D59: =IF(Intro!G$21="English",Variables!B59,Variables!C59) -> Je ne sais pas
A61: Public Question 14 | B61: Comparable | C61: Comparable | D61: =IF(Intro!G$21="English",Variables!B61,Variables!C61) -> Comparable
B62: Not comparable - Advantage to Canada | C62: Non comparable - Avantage pour le Canada | D62: =IF(Intro!G$21="English",Variables!B62,Variables!C62) -> Non comparable - Avantage pour le Canada
B63: Not comparable - Advantage to WG I Countries | C63: Non comparable - Avantage pour les pays GB I | D63: =IF(Intro!G$21="English",Variables!B63,Variables!C63) -> Non comparable - Avantage pour les pays GB I
B64: Do not know | C64: Je ne sais pas | D64: =IF(Intro!G$21="English",Variables!B64,Variables!C64) -> Je ne sais pas
A66: Public Question 15 | B66: Comparable | C66: Comparable | D66: =IF(Intro!G$21="English",Variables!B66,Variables!C66) -> Comparable
B67: Not comparable - Advantage to Canada | C67: Non comparable - Avantage pour le Canada | D67: =IF(Intro!G$21="English",Variables!B67,Variables!C67) -> Non comparable - Avantage pour le Canada
B68: Not comparable - Advantage to Italy | C68: Non comparable - Avantage pour l'Italie | D68: =IF(Intro!G$21="English",Variables!B68,Variables!C68) -> Non comparable - Avantage pour l'Italie
B69: Do not know | C69: Je ne sais pas | D69: =IF(Intro!G$21="English",Variables!B69,Variables!C69) -> Je ne sais pas
A71: Public Question 16 | B71: Comparable | C71: Comparable | D71: =IF(Intro!G$21="English",Variables!B71,Variables!C71) -> Comparable
B72: Not comparable - Advantage to Canada | C72: Non comparable - Avantage pour le Canada | D72: =IF(Intro!G$21="English",Variables!B72,Variables!C72) -> Non comparable - Avantage pour le Canada
B73: Not comparable - Advantage to the U.K. | C73: Non comparable - Avantage pour le R.U. | D73: =IF(Intro!G$21="English",Variables!B73,Variables!C73) -> Non comparable - Avantage pour le R.U.
B74: Do not know | C74: Je ne sais pas | D74: =IF(Intro!G$21="English",Variables!B74,Variables!C74) -> Je ne sais pas
A76: Public Question 17 | B76: Comparable | C76: Comparable | D76: =IF(Intro!G$21="English",Variables!B76,Variables!C76) -> Comparable
B77: Not comparable - Advantage to Canada | C77: Non comparable - Avantage pour le Canada | D77: =IF(Intro!G$21="English",Variables!B77,Variables!C77) -> Non comparable - Avantage pour le Canada
B78: Not comparable - Advantage to Poland. | C78: Non comparable - Avantage pour la Pologne. | D78: =IF(Intro!G$21="English",Variables!B78,Variables!C78) -> Non comparable - Avantage pour la Pologne.
B79: Do not know | C79: Je ne sais pas | D79: =IF(Intro!G$21="English",Variables!B79,Variables!C79) -> Je ne sais pas
A81: Pro Question 5 | B81: 1 | C81: 1 | D81: =IF(Intro!G$21="English",B81,C81) -> 1
B82: 2 | C82: 2 | D82: =IF(Intro!G$21="English",B82,C82) -> 2
B83: 3 | C83: 3 | D83: =IF(Intro!G$21="English",B83,C83) -> 3
B84: More than 3 | C84: Plus de 3 | D84: =IF(Intro!G$21="English",B84,C84) -> Plus de 3
A86: Pro Question 8 | B86: Always | C86: Toujours | D86: =IF(Intro!G$21="English",B86,C86) -> Toujours
B87: Usually | C87: Généralement | D87: =IF(Intro!G$21="English",B87,C87) -> Généralement
B88: Sometimes | C88: Parfois | D88: =IF(Intro!G$21="English",B88,C88) -> Parfois
B89: Never | C89: Jamais | D89: =IF(Intro!G$21="English",B89,C89) -> Jamais
A91: Pro Question 9 | B91: 0 to 5% | C91: De 0 à 5 % | D91: =IF(Intro!G$21="English",B91,C91) -> De 0 à 5 %
B92: 6 to 10% | C92: De 6 à 10 % | D92: =IF(Intro!G$21="English",B92,C92) -> De 6 à 10 %
B93: 11 to 15% | C93: De 11 à 15 % | D93: =IF(Intro!G$21="English",B93,C93) -> De 11 à 15 %
B94: 16 to 20% | C94: De 16 à 20 % | D94: =IF(Intro!G$21="English",B94,C94) -> De 16 à 20 %
B95: 21 to 25% | C95: De 21 à 25 % | D95: =IF(Intro!G$21="English",B95,C95) -> De 21 à 25 %
B96: More than 25% | C96: Plus de 25 % | D96: =IF(Intro!G$21="English",B96,C96) -> Plus de 25 %
B97: Price would never be the primary factor | C97: Le prix ne sera jamais le facteur principal | D97: =IF(Intro!G$21="English",B97,C97) -> Le prix ne sera jamais le facteur principal

Sheet Intro
O1: hiddenc | P1: hiddenc
B2: PUBLIC | O2: English | P2: Français
B4: PURCHASER QUESTIONNAIRE | QUESTIONNAIRE À L'INTENTION DES ACHETEURS
B5: =Variables!B2 -> NQ-2026-006
B6: =UPPER(Variables!B3&" | "&Variables!C3) -> WHEAT GLUTEN II | GLUTEN DE BLÉ II
B8: INTRODUCTION
O9: SVP accorder ces mots : "défini/définis/définie/définies"; "originaire/originaires"; "exporté/exportés/exportée/exportées" selon le(s) mot(s) utilisé(s) pour décrire les biens couverts par ce NQ (soit avec "les marchandises" (féminin pluriel) ou avec la définition de ces marchandises)
B10: ="The Canadian International Trade Tribunal (the Tribunal) has commenced an inquiry concerning the "&Variables!B4&" of "&Variables!B3&" (as defined below) originating in or exported from "&Variables!B5&". Your firm's knowledge and experience would aid the Tribunal in the proper conduct of its inquiry by helping it better understand the Canadian market for "&Variables!B3&". The Tribunal therefore requests a response to this questionnaire from your firm." -> The Canadian International Trade Tribunal (the Tribunal) has commenced an inquiry concerning the dumping and subsidizing of Wheat Gluten II (as defined below) originating in or exported from Italy, Poland and the UK. Your firm's knowledge and experience would aid the Tribunal in the proper conduct of its inquiry by helping it better understand the Canadian market for Wheat Gluten II. The Tribunal therefore requests a response to this questionnaire from your firm. | H10: ="Le Tribunal canadien du commerce extérieur (le Tribunal) a ouvert une enquête concernant "&Variables!C4&" de "&Variables!C3&" (telles que définies ci-dessous) originaires ou exporté "&Variables!C5&" Les connaissances et l'expérience de votre entreprise aideraient le Tribunal à mener correctement son enquête en lui permettant de mieux comprendre le marché canadien de "&Variables!C3&". Le Tribunal demande donc à votre entreprise de répondre à ce questionnaire." -> Le Tribunal canadien du commerce extérieur (le Tribunal) a ouvert une enquête concernant le dumping et le subventionnement de Gluten de blé II (telles que définies ci-dessous) originaires ou exporté d'Italie, de Pologne et du R.U. Les connaissances et l'expérience de votre entreprise aideraient le Tribunal à mener correctement son enquête en lui permettant de mieux comprendre le marché canadien de Gluten de blé II. Le Tribunal demande donc à votre entreprise de répondre à ce questionnaire.
B19: LANGUAGE PREFERENCE | PRÉFÉRENCE LINGUISTIQUE
B21: In which language would you prefer to complete this questionnaire? | G21: Français | H21: Dans quelle langue préférez-vous remplir ce questionnaire?
B25: =IF(Intro!$G$21="English",O25,P25) -> LA DÉFINITION "DES MARCHANDISES" | D25: =UPPER(IF(Intro!$G$21="English",P25,Q25)) | E25: =UPPER(IF(Intro!$G$21="English",Q25,R25)) | F25: =UPPER(IF(Intro!$G$21="English",R25,S25)) | G25: =UPPER(IF(Intro!$G$21="English",S25,T25)) | H25: =UPPER(IF(Intro!$G$21="English",T25,U25)) | I25: =UPPER(IF(Intro!$G$21="English",U25,V25)) | J25: =UPPER(IF(Intro!$G$21="English",V25,W25)) | K25: =UPPER(IF(Intro!$G$21="English",W25,X25)) | L25: =UPPER(IF(Intro!$G$21="English",X25,Y25)) | O25: DEFINITION OF "THE GOODS" | P25: LA DÉFINITION "DES MARCHANDISES"
B27: =IF(Intro!$G$21="English",O27,P27) -> Les références aux « marchandises » dans ce questionnaire font référence à : | O27: References to "the goods" in this questionnaire refer to: | P27: Les références aux « marchandises » dans ce questionnaire font référence à :
C29: =IF(Intro!$G$21="English",O29,P29) -> Gluten de blé, mélangé ou non avec de la farine de blé, du sel ou toute autre substance, ayant une teneur minimale en protéines de blé de 40 % en poids sur une base sèche, calculée selon un facteur de Jones de 5.7, mais excluant (i) le gluten de blé dénaturé; (ii) le gluten de blé hydrolysé; (iii) les isolats de protéines de blé; et (iv) le gluten de blé certifié biologique, conformément à la Loi sur les aliments et drogues (L.R.C. 1985, ch. F-27) et à ses règlements d’application ainsi qu’à la Loi sur la salubrité des aliments au Canada (L.C. 2012, ch. 24) et à ses règlements d’application, y compris le Règlement sur la salubrité des aliments au Canada (DORS/2018-108), et répondant autrement aux exigences de ces lois et règlements, qui peuvent être périodiquement modifiés ou remplacés. Il est entendu que les marchandises en cause comprennent notamment le gluten de blé élastique tel que défini par la norme 163-1987 du Codex de l’Organisation mondiale de la Santé, Rév. 1-2001 (« Norme pour les produits à base de blé incluant le gluten de blé »). | O29: =Variables!B16 -> Wheat gluten, whether or not blended with wheat flour, salt or any other substance, with a minimum wheat protein content of 40% by weight on a dry basis calculated using a Jones Factor of 5.7, but excluding (i) devitalized wheat gluten; (ii) hydrolyzed wheat gluten; (iii) wheat protein isolates; and (iv) organic wheat gluten that is certified organic in accordance with and otherwise meets the requirements of the Food and Drugs Act, R.S.C., 1985, c. F-27, and regulations made thereunder, and the Safe Food for Canadians Act, S.C. 2012, c. 24, and regulations made thereunder including the Safe Food for Canadians Regulations, S.O.R./2018 108, all of which as may be amended or replaced from time to time (the subject goods). For greater certainty, the subject goods include but are not limited to vital wheat gluten as defined by the World Health Organization’s Codex Standard 163-1987, Rev. 1-2001 (“Standard for Wheat Protein Products Including Wheat Gluten”) | P29: =Variables!C16 -> Gluten de blé, mélangé ou non avec de la farine de blé, du sel ou toute autre substance, ayant une teneur minimale en protéines de blé de 40 % en poids sur une base sèche, calculée selon un facteur de Jones de 5.7, mais excluant (i) le gluten de blé dénaturé; (ii) le gluten de blé hydrolysé; (iii) les isolats de protéines de blé; et (iv) le gluten de blé certifié biologique, conformément à la Loi sur les aliments et drogues (L.R.C. 1985, ch. F-27) et à ses règlements d’application ainsi qu’à la Loi sur la salubrité des aliments au Canada (L.C. 2012, ch. 24) et à ses règlements d’application, y compris le Règlement sur la salubrité des aliments au Canada (DORS/2018-108), et répondant autrement aux exigences de ces lois et règlements, qui peuvent être périodiquement modifiés ou remplacés. Il est entendu que les marchandises en cause comprennent notamment le gluten de blé élastique tel que défini par la norme 163-1987 du Codex de l’Organisation mondiale de la Santé, Rév. 1-2001 (« Norme pour les produits à base de blé incluant le gluten de blé »).
B34: =IF(Intro!$G$21="English",O34,P34) -> Pour obtenir des renseignements supplémentaires sur le produit, tel que les Description harmonisées des produits, veuillez consulter le lien suivant: | O34: For additionnal information, including Harmonized Commodity Descriptions, please see link below: | P34: Pour obtenir des renseignements supplémentaires sur le produit, tel que les Description harmonisées des produits, veuillez consulter le lien suivant:
C36: =IF(Intro!$G$21="English",HYPERLINK(Variables!B17),HYPERLINK(Variables!C17)) -> https://www.cbsa-asfc.gc.ca/sima-lmsi/mif-mev/mif-mev-stats-fra.html#wg
B38: =IF(Intro!$G$21="English",O38,P38) -> Les marchandises sont généralement classées dans le Tarif des douanes sous les numéros suivants du Système harmonisé de désignation et de codification des marchandises (SH) : | O38: The goods are commonly classified in the Customs Tariff under the following Harmonized Commodity Description and Coding System (HS) numbers: | P38: Les marchandises sont généralement classées dans le Tarif des douanes sous les numéros suivants du Système harmonisé de désignation et de codification des marchandises (SH) :
C40: =Variables!B20 -> 1109.00.10.00 1109.00.20.00
B45: =IF(Intro!$G$21="English",O45,P45) -> DEVEZ-VOUS REMPLIR CE QUESTIONNAIRE? | O45: DO YOU NEED TO COMPLETE THIS QUESTIONNAIRE? | P45: DEVEZ-VOUS REMPLIR CE QUESTIONNAIRE?
B47: =IF(Intro!$G$21="English",O47,P47) -> Votre entreprise a-t-elle acheté les marchandises à tout moment depuis le 1er janvier 2023? | O47: ="Has your firm purchased the goods at any time since January 1, "&Variables!B6&"?" -> Has your firm purchased the goods at any time since January 1, 2023? | P47: ="Votre entreprise a-t-elle acheté les marchandises à tout moment depuis le 1er janvier "&Variables!C6&"?" -> Votre entreprise a-t-elle acheté les marchandises à tout moment depuis le 1er janvier 2023?
O48: Select Yes or No | P48: Sélectionnez oui ou non
B49: =IF(Intro!$G$21="English",O48,P48) -> Sélectionnez oui ou non | E49: =IF(D49="Yes",O49,IF(D49="Oui",P49,IF(D49="No",O50,IF(D49="Non",P50,"")))) | O49: ="Complete all tabs in this questionnaire and submit it by "&Variables!B11&"." -> Complete all tabs in this questionnaire and submit it by October 9, 2026. | P49: ="Remplissez tous les onglets de ce questionnaire et soumettez-le avant le "&Variables!C11&"." -> Remplissez tous les onglets de ce questionnaire et soumettez-le avant le 9 octobre 2026.
O50: ="Complete this tab only and submit it by "&Variables!B11&"." -> Complete this tab only and submit it by October 9, 2026. | P50: ="Remplissez cet onglet uniquement et soumettez-le avant le "&Variables!C11&"." -> Remplissez cet onglet uniquement et soumettez-le avant le 9 octobre 2026.
B52: =IF(Intro!$G$21="English",O52,P52) -> Votre entreprise a-t-elle importé les marchandises en tant qu'importateur officiel de n'importe quel pays à tout moment depuis le 1er janvier 2023? | O52: ="Has your firm imported the goods as the importer of record from any country since January 1, "&Variables!B6&"?" -> Has your firm imported the goods as the importer of record from any country since January 1, 2023? | P52: ="Votre entreprise a-t-elle importé les marchandises en tant qu'importateur officiel de n'importe quel pays à tout moment depuis le 1er janvier "&Variables!C6&"?" -> Votre entreprise a-t-elle importé les marchandises en tant qu'importateur officiel de n'importe quel pays à tout moment depuis le 1er janvier 2023?
B54: =B49 -> Sélectionnez oui ou non | E54: =IF(D54="Yes",O54,IF(D54="Oui",P54,"")) | O54: ="Complete an Importers' Questionnaire, which can be found on the Tribunal website, and submit it by "&Variables!B11&"." -> Complete an Importers' Questionnaire, which can be found on the Tribunal website, and submit it by October 9, 2026. | P54: ="Remplissez un questionnaire à l’intention des importateurs, disponible sur le site web du Tribunal, et soumettez-le avant le "&Variables!C11&"." -> Remplissez un questionnaire à l’intention des importateurs, disponible sur le site web du Tribunal, et soumettez-le avant le 9 octobre 2026.
B59: =IF(Intro!$G$21="English",O59,P59) -> DATE D'ÉCHÉANCE DU QUESTIONNAIRE | D59: =UPPER(IF(Intro!$G$21="English",P59,Q59)) | E59: =UPPER(IF(Intro!$G$21="English",Q59,R59)) | F59: =UPPER(IF(Intro!$G$21="English",R59,S59)) | G59: =UPPER(IF(Intro!$G$21="English",S59,T59)) | H59: =UPPER(IF(Intro!$G$21="English",T59,U59)) | I59: =UPPER(IF(Intro!$G$21="English",U59,V59)) | J59: =UPPER(IF(Intro!$G$21="English",V59,W59)) | K59: =UPPER(IF(Intro!$G$21="English",W59,X59)) | L59: =UPPER(IF(Intro!$G$21="English",X59,Y59)) | O59: QUESTIONNAIRE DUE DATE | P59: DATE D'ÉCHÉANCE DU QUESTIONNAIRE
D61: =IF(Intro!$G$21="English",O61,P61) -> 9 octobre 2026 | O61: =Variables!B11 -> October 9, 2026 | P61: =Variables!C11 -> 9 octobre 2026
B65: =IF(Intro!$G$21="English",O65,P65) -> QUESTIONNAIRE NON REMPLI | D65: =UPPER(IF(Intro!$G$21="English",P65,Q65)) | E65: =UPPER(IF(Intro!$G$21="English",Q65,R65)) | F65: =UPPER(IF(Intro!$G$21="English",R65,S65)) | G65: =UPPER(IF(Intro!$G$21="English",S65,T65)) | H65: =UPPER(IF(Intro!$G$21="English",T65,U65)) | I65: =UPPER(IF(Intro!$G$21="English",U65,V65)) | J65: =UPPER(IF(Intro!$G$21="English",V65,W65)) | K65: =UPPER(IF(Intro!$G$21="English",W65,X65)) | L65: =UPPER(IF(Intro!$G$21="English",X65,Y65)) | O65: FAILURE TO COMPLETE QUESTIONNAIRE | P65: QUESTIONNAIRE NON REMPLI
B67: =IF(Intro!$G$21="English",O67,P67) -> Si le questionnaire n’est pas rempli dans les délais impartis, le Tribunal peut rendre une ordonnance de production, aux termes de l’article 17 de la Loi sur le Tribunal canadien du commerce extérieur, afin d’exiger la production d’une réponse au questionnaire. | O67: Failure to complete the questionnaire by the due date may result in the Tribunal issuing a production order, pursuant to section 17 of the Canadian International Trade Tribunal Act, to compel the production of a questionnaire response. | P67: Si le questionnaire n’est pas rempli dans les délais impartis, le Tribunal peut rendre une ordonnance de production, aux termes de l’article 17 de la Loi sur le Tribunal canadien du commerce extérieur, afin d’exiger la production d’une réponse au questionnaire.
B71: =IF(Intro!$G$21="English",O71,P71) -> RENSEIGNEMENTS SUR L’ENTREPRISE | O71: FIRM INFORMATION | P71: RENSEIGNEMENTS SUR L’ENTREPRISE
B73: =IF(Intro!$G$21="English",O73,P73) -> Dénomination sociale (En français et en anglais, le cas échéant) | O73: Firm Name (In English and French, if applicable) | P73: Dénomination sociale (En français et en anglais, le cas échéant)
B75: =IF(Intro!$G$21="English",O75,P75) -> Adresse de l'entreprise | O75: Firm Address | P75: Adresse de l'entreprise
B77: =IF(Intro!$G$21="English",O77,P77) -> Adresse du site Web | O77: Website Address | P77: Adresse du site Web
B80: =IF(Intro!$G$21="English",O80,P80) -> Si votre entreprise a plus d’un emplacement, d’une installation ou d’un point de vente, transmettez une réponse consolidée au questionnaire. | O80: If your firm has more than one location, facility or outlet, submit a consolidated response to the questionnaire. | P80: Si votre entreprise a plus d’un emplacement, d’une installation ou d’un point de vente, transmettez une réponse consolidée au questionnaire.
B81: =IF(Intro!$G$21="English",O81,P81) -> Fournissez les noms et adresses des autres emplacements, installations et points de vente au Canada au nom de laquelle votre entreprise répond. | O81: Provide the names and addresses of other locations, facilities, and outlets in Canada on behalf of which your company is responding. | P81: Fournissez les noms et adresses des autres emplacements, installations et points de vente au Canada au nom de laquelle votre entreprise répond.
B93: =IF(Intro!$G$21="English",O93,P93) -> COORDONNÉES DE LA PERSONNE QUI A REMPLI LE QUESTIONNAIRE | O93: CONTACT INFORMATION OF THE PERSON WHO COMPLETED THIS QUESTIONNAIRE | P93: COORDONNÉES DE LA PERSONNE QUI A REMPLI LE QUESTIONNAIRE
B95: =IF(Intro!$G$21="English",O95,P95) -> Nom | O95: Name | P95: Nom
B97: =IF(Intro!$G$21="English",O97,P97) -> Titre | O97: Title | P97: Titre
B99: =IF(Intro!$G$21="English",O99,P99) -> Adresse courriel | O99: E-mail Address | P99: Adresse courriel
B101: =IF(Intro!$G$21="English",O101,P101) -> Téléphone | O101: Telephone | P101: Téléphone
... B114: =IF(Intro!$G$21="English",O114,P114) -> Téléphone | O114: Telephone | P114: Téléphone
B116: Date
B118: The Tribunal has your consent to use the response to the Expiry Review questionnaire in a potential Injury Inquiry.
B121: =IF(Intro!$G$21="English",O121,P121) -> Je comprends que le fait de cocher cette case constitue ma signature juridiquement contraignante. | O121: I understand that checking this box constitutes my legally binding signature. | P121: Je comprends que le fait de cocher cette case constitue ma signature juridiquement contraignante.
B124: =IF(Intro!$G$21="English",O124,P124) -> TRANSMISSION DU QUESTIONNAIRE REMPLI | D124: =UPPER(IF(Intro!$G$21="English",P124,Q124)) | E124: =UPPER(IF(Intro!$G$21="English",Q124,R124)) | F124: =UPPER(IF(Intro!$G$21="English",R124,S124)) | G124: =UPPER(IF(Intro!$G$21="English",S124,T124)) | H124: =UPPER(IF(Intro!$G$21="English",T124,U124)) | I124: =UPPER(IF(Intro!$G$21="English",U124,V124)) | J124: =UPPER(IF(Intro!$G$21="English",V124,W124)) | K124: =UPPER(IF(Intro!$G$21="English",W124,X124)) | L124: =UPPER(IF(Intro!$G$21="English",X124,Y124)) | O124: SUBMITTING THE QUESTIONNAIRE RESPONSE | P124: TRANSMISSION DU QUESTIONNAIRE REMPLI
B126: =IF(Intro!$G$21="English",O126,P126) -> Veuillez retourner le questionnaire rempli en utilisant l’une des options suivantes : | O126: The completed questionnaire can be submitted using one of the following methods: | P126: Veuillez retourner le questionnaire rempli en utilisant l’une des options suivantes :
B127: =IF($G$21="English",HYPERLINK("https://e-filing-depot-electronique.citt-tcce.gc.ca/submitNonRegisteredUser-eng.aspx","1. Secure E-filing service;"),IF($G$21="Français",HYPERLINK("https://e-filing-depot-electronique.citt-tcce.gc.ca/submitNonRegisteredUser-fra.aspx?","1. Service sécurisé de dépôt électronique;"),"")) -> 1. Service sécurisé de dépôt électronique;
B128: =IF(Intro!$G$21="English",O128,P128) -> Lorsque vous faites parvenir le questionnaire rempli en utilisant le service sécurisé de dépôt électronique, désignez le questionnaire comme étant confidentiel. Notez que l’information contenue dans les onglets publics (les onglets bleus) du questionnaire sera traitée en tant qu’information publique. | O128: When submitting the completed questionnaire using the secure E-filing service, designate the questionnaire as confidential. Note that the information in the public (blue) tabs in your questionnaire will be treated as public information. | P128: Lorsque vous faites parvenir le questionnaire rempli en utilisant le service sécurisé de dépôt électronique, désignez le questionnaire comme étant confidentiel. Notez que l’information contenue dans les onglets publics (les onglets bleus) du questionnaire sera traitée en tant qu’information publique.
B130: =IF(Intro!$G$21="English",O130,P130) -> 2. Par courriel à l'adresse tcce-citt@tribunal.gc.ca si vous acceptez les risques connexes et vous transmettez des renseignements qui sont ceux de votre entreprise seulement. | O130: 2. E-mail to citt-tcce@tribunal.gc.ca should you accept the associated risks and you are filing information that belongs to your firm only. | P130: 2. Par courriel à l'adresse tcce-citt@tribunal.gc.ca si vous acceptez les risques connexes et vous transmettez des renseignements qui sont ceux de votre entreprise seulement.
B133: QUESTIONS | D133: =UPPER(IF(Intro!$G$21="English",P133,Q133)) | E133: =UPPER(IF(Intro!$G$21="English",Q133,R133)) | F133: =UPPER(IF(Intro!$G$21="English",R133,S133)) | G133: =UPPER(IF(Intro!$G$21="English",S133,T133)) | H133: =UPPER(IF(Intro!$G$21="English",T133,U133)) | I133: =UPPER(IF(Intro!$G$21="English",U133,V133)) | J133: =UPPER(IF(Intro!$G$21="English",V133,W133)) | K133: =UPPER(IF(Intro!$G$21="English",W133,X133)) | L133: =UPPER(IF(Intro!$G$21="English",X133,Y133))
B135: =IF(Intro!$G$21="English",O135,P135) -> Toutes les questions relatives au présent questionnaire doivent être adressées à : | O135: Questions relating to this questionnaire should be directed to: | P135: Toutes les questions relatives au présent questionnaire doivent être adressées à :
B137: =Variables!B13 -> Joseph Long | E137: =Variables!C13 -> Joseph.Long@tribunal.gc.ca | J137: =Variables!D13 -> (343) 597-3847
B138: =Variables!B14 -> François Thivierge | E138: =Variables!C14 -> Francois.Thivierge@tribunal.gc.ca | J138: =Variables!D14 -> (343) 550-4453

Sheet Info
O1: hiddenc | P1: hiddenc
B2: PUBLIC | O2: English | P2: Français
B4: =UPPER(IF(Intro!$G$21="English",O4,P4)) -> QUESTIONNAIRE À L’INTENTION DES ACHETEURS | O4: PURCHASER QUESTIONNAIRE | P4: QUESTIONNAIRE À L’INTENTION DES ACHETEURS
B5: =Intro!B5 -> NQ-2026-006
B6: =UPPER(IF(Intro!$G$21="English",Variables!B3,Variables!C3)) -> GLUTEN DE BLÉ II
B8: =IF(Intro!$G$21="English",O8,P8) -> APERÇU DU QUESTIONNAIRE | D8: =UPPER(IF(Intro!$G$21="English",P8,Q8)) | E8: =UPPER(IF(Intro!$G$21="English",Q8,R8)) | F8: =UPPER(IF(Intro!$G$21="English",R8,S8)) | G8: =UPPER(IF(Intro!$G$21="English",S8,T8)) | H8: =UPPER(IF(Intro!$G$21="English",T8,U8)) | I8: =UPPER(IF(Intro!$G$21="English",U8,V8)) | J8: =UPPER(IF(Intro!$G$21="English",V8,W8)) | K8: =UPPER(IF(Intro!$G$21="English",W8,X8)) | L8: =UPPER(IF(Intro!$G$21="English",X8,Y8)) | O8: QUESTIONNAIRE OUTLINE | P8: APERÇU DU QUESTIONNAIRE
B10: =IF(Intro!$G$21="English",O10,P10) -> Le présent questionnaire est divisé en deux parties : | O10: This questionnaire is divided into two parts: | P10: Le présent questionnaire est divisé en deux parties :
B12: =IF(Intro!$G$21="English",O12,P12) -> PARTIE I (onglets bleus) - porte sur des renseignements de nature publique. Les demandes de traiter un ou des renseignements comme des renseignements confidentiels doivent être dûment justifiées par écrit et être accompagnées d’une version publique remaniée. | O12: PART I (Blue Tabs) - Information requested in this part is public. Requests to treat any of this information as confidential must be fully justified in writing and accompanied by a redacted version for the public record. | P12: PARTIE I (onglets bleus) - porte sur des renseignements de nature publique. Les demandes de traiter un ou des renseignements comme des renseignements confidentiels doivent être dûment justifiées par écrit et être accompagnées d’une version publique remaniée.
B15: =IF(Intro!$G$21="English",O15,P15) -> PARTIE II (onglets verts) - Les renseignements de nature confidentielle seront traités conformément aux articles 43 à 49 de la Loi sur le Tribunal canadien du commerce extérieur, qui précisent que ces renseignements ne doivent pas être rendus publics de manière à pouvoir être utilisés par un concurrent de la personne, de l’entreprise ou de la société déclarante. | O15: PART II (Green Tabs) - Information requested in this part is considered to be confidential in nature and will be treated in accordance with sections 43 to 49 of the Canadian International Trade Tribunal Act, which require that it shall not be made public in such a manner as to be available for the use of any business competitor or rival of the reporting person, firm or corporation. | P15: PARTIE II (onglets verts) - Les renseignements de nature confidentielle seront traités conformément aux articles 43 à 49 de la Loi sur le Tribunal canadien du commerce extérieur, qui précisent que ces renseignements ne doivent pas être rendus publics de manière à pouvoir être utilisés par un concurrent de la personne, de l’entreprise ou de la société déclarante.
B19: =IF(Intro!$G$21="English",O19,P19) -> RENSEIGNEMENTS ADDITIONNELS SUR LE PRODUIT | D19: =UPPER(IF(Intro!$G$21="English",P19,Q19)) | E19: =UPPER(IF(Intro!$G$21="English",Q19,R19)) | F19: =UPPER(IF(Intro!$G$21="English",R19,S19)) | G19: =UPPER(IF(Intro!$G$21="English",S19,T19)) | H19: =UPPER(IF(Intro!$G$21="English",T19,U19)) | I19: =UPPER(IF(Intro!$G$21="English",U19,V19)) | J19: =UPPER(IF(Intro!$G$21="English",V19,W19)) | K19: =UPPER(IF(Intro!$G$21="English",W19,X19)) | L19: =UPPER(IF(Intro!$G$21="English",X19,Y19)) | O19: ADDITIONAL PRODUCT INFORMATION | P19: RENSEIGNEMENTS ADDITIONNELS SUR LE PRODUIT
B21: =IF(Intro!$G$21="English",HYPERLINK(Variables!B17),HYPERLINK(Variables!C17)) -> https://www.cbsa-asfc.gc.ca/sima-lmsi/mif-mev/mif-mev-stats-fra.html#wg
B24: =IF(Intro!$G$21="English",O24,P24) -> TARIF DES DOUANES | D24: =UPPER(IF(Intro!$G$21="English",P24,Q24)) | E24: =UPPER(IF(Intro!$G$21="English",Q24,R24)) | F24: =UPPER(IF(Intro!$G$21="English",R24,S24)) | G24: =UPPER(IF(Intro!$G$21="English",S24,T24)) | H24: =UPPER(IF(Intro!$G$21="English",T24,U24)) | I24: =UPPER(IF(Intro!$G$21="English",U24,V24)) | J24: =UPPER(IF(Intro!$G$21="English",V24,W24)) | K24: =UPPER(IF(Intro!$G$21="English",W24,X24)) | L24: =UPPER(IF(Intro!$G$21="English",X24,Y24)) | O24: CUSTOMS TARIFF | P24: TARIF DES DOUANES
B26: =IF(Intro!$G$21="English",O26,P26) -> Les marchandises sont généralement classées dans le Tarif des douanes sous les numéros suivants du Système harmonisé de désignation et de codification des marchandises (SH) : | O26: The goods are commonly classified in the Customs Tariff under the following Harmonized Commodity Description and Coding System (HS) numbers: | P26: Les marchandises sont généralement classées dans le Tarif des douanes sous les numéros suivants du Système harmonisé de désignation et de codification des marchandises (SH) :
D28: =Variables!B20 -> 1109.00.10.00 1109.00.20.00 | O28: ="Prior to "&Variables!B19&":" -> Prior to : | P28: ="Avant le "&Variables!C19&" :" -> Avant le :
B32: =IF(Intro!$G$21="English",O32,P32) -> À partir du : | D32: =Variables!B21 -> 0 | O32: ="Beginning "&Variables!B19&":" -> Beginning : | P32: ="À partir du "&Variables!C19&" :" -> À partir du :
B37: =IF(Intro!$G$21="English",O37,P37) -> GLOSSAIRE | D37: GLOSSAIRE | O37: GLOSSARY | P37: GLOSSAIRE
B38: =IF(Intro!$G$21="English",O38,P38) -> Valeur d’achat nette rendue (coût de revient) | D38: =IF(Intro!$G$21="English",O39,P39) -> La valeur d'achat, après déduction, des escomptes au comptant, des remises sur quantité et des escomptes reportés, des rabais, des taxes, des ristournes et des primes, qu’ils soient indiqués ou non sur la facture. Veuillez inclure tous les coûts de livraison (fret, manutention et assurance) à votre entrepôt canadien et, le cas échéant, tous les frais d’importation, comme les droits de douane et autres (y compris les droits antidumping et compensateurs), les frais de courtage et les suppléments. | O38: Net delivered purchase value (laid-in cost) | P38: Valeur d’achat nette rendue (coût de revient)
O39: The purchase value net of all cash, quantity or deferred discounts, allowances, taxes, rebates and incentives, whether or not shown on the invoice. However, it includes delivery costs (freight, handling, and insurance) to your Canadian warehouse and, where applicable, all import costs such as customs and other duties (including anti-dumping and countervailing duties), brokerage fees and surcharges. | P39: La valeur d'achat, après déduction, des escomptes au comptant, des remises sur quantité et des escomptes reportés, des rabais, des taxes, des ristournes et des primes, qu’ils soient indiqués ou non sur la facture. Veuillez inclure tous les coûts de livraison (fret, manutention et assurance) à votre entrepôt canadien et, le cas échéant, tous les frais d’importation, comme les droits de douane et autres (y compris les droits antidumping et compensateurs), les frais de courtage et les suppléments.
B42: =IF(Intro!$G$21="English",O42,P42) -> Entreprises affiliées | D42: =IF(Intro!$G$21="English",O43,P43) -> Des entreprises liées l’une à l’autre de quelque façon que ce soit autre qu’une relation client-fournisseur sans lien de dépendance. Par exemple, des entreprises sont associées ou liées si un cadre ou un directeur de l’une est cadre ou directeur de l’autre, si une entreprise, directement ou indirectement, possède, détient ou contrôle des actions de l’autre entreprise. | O42: Related firms | P42: Entreprises affiliées
O43: Firms that are related to each other in any manner other than through an arm’s length (independent) customer/supplier relationship. For example, firms are associated or related if an officer or director of one firm is an officer or director of the other, if a firm directly or indirectly owns, holds or controls shares of the other firm. | P43: Des entreprises liées l’une à l’autre de quelque façon que ce soit autre qu’une relation client-fournisseur sans lien de dépendance. Par exemple, des entreprises sont associées ou liées si un cadre ou un directeur de l’une est cadre ou directeur de l’autre, si une entreprise, directement ou indirectement, possède, détient ou contrôle des actions de l’autre entreprise.
B46: =IF(Intro!$G$21="English",O46,P46) -> Pays visés – Gluten de blé 1 | D46: =IF(Intro!$G$21="English",O47,P47) -> République fédérale d'Allemagne, République française, Royaume de Belgique, République d'Autriche, Commonwealth d'Australie, République de Lithuanie | O46: Wheat Gluten I - Subject Countries | P46: Pays visés – Gluten de blé 1
O47: Federal Republic of Germany, French Republic, Kingdom of Belgium, Republic of Austria, Commonwealth of Australia, Republic of Lithuania | P47: République fédérale d'Allemagne, République française, Royaume de Belgique, République d'Autriche, Commonwealth d'Australie, République de Lithuanie

Sheet Public
O1: hiddenc | P1: hiddenc
B2: PUBLIC | O2: English | P2: Français
B4: =Info!B4 -> QUESTIONNAIRE À L’INTENTION DES ACHETEURS
B5: =Info!B5 -> NQ-2026-006
B6: =Info!B6 -> GLUTEN DE BLÉ II
B8: =IF(Intro!$G$21="English",O8,P8) -> Les questions suivantes font référence aux marchandises comme définies dans la description du produit de l'onglet Intro. | O8: The following questions refer to the goods as defined in the product description on the Intro tab. | P8: Les questions suivantes font référence aux marchandises comme définies dans la description du produit de l'onglet Intro.
B9: =IF(Intro!$G$21="English",O9,P9) -> Des informations sur le produit et un glossaire de termes sont disponibles dans l'onglet Info. | O9: Product information and a glossary of terms can be found in the Info tab. | P9: Des informations sur le produit et un glossaire de termes sont disponibles dans l'onglet Info.
B10: =IF(Intro!$G$21="English",O10,P10) -> Utilisez l'onglet AddPub si vous avez besoin de plus d'espace. | O10: Use the AddPub tab if more space is needed. | P10: Utilisez l'onglet AddPub si vous avez besoin de plus d'espace.
B12: =UPPER(IF(Intro!$G$21="English",O12,P12)) -> INFORMATIONS GÉNÉRALES SUR L'ENTREPRISE | O12: General Firm Information | P12: Informations générales sur l'entreprise
B13: Question 1
B15: =IF(Intro!$G$21="English",O15,P15) -> Indiquez le principal niveau commercial de votre entreprise en ce qui concerne les marchandises au Canada (Distributeur, Utilisateur final) : | O15: ="Indicate your firm's primary trade level with respect to the goods in Canada ("&Variables!B43&", "&Variables!B44&"): " -> Indicate your firm's primary trade level with respect to the goods in Canada (Distributor, End user): | P15: ="Indiquez le principal niveau commercial de votre entreprise en ce qui concerne les marchandises au Canada ("&Variables!C43&", "&Variables!C44&") :" -> Indiquez le principal niveau commercial de votre entreprise en ce qui concerne les marchandises au Canada (Distributeur, Utilisateur final) :
B17: =IF(Intro!$G$21="English",O17,P17) -> Niveau commercial | O17: Trade level | P17: Niveau commercial
B19: Question 2
B21: =IF(Intro!$G$21="English",O21,P21) -> Dressez la liste des dénominations et adresses de toutes les entreprises canadiennes ou étrangères auxquelles votre entreprise est reliée, c'est-à-dire des entreprises avec qui votre entreprise est liée de quelque façon que ce soit autre qu’une relation client-fournisseur sans lien de dépendance. Par exemple, des entreprises sont associées ou liées si un cadre ou un directeur de l’une est cadre ou directeur de l’autre, si une entreprise, directement ou indirectement, possède, détient ou contrôle des actions de l’autre entreprise. Pour chaque entreprise, veuillez indiquer le type d’affiliation et son rôle dans l'industrie (par exemple, la production, l’exportation, l’importation, la vente, l’achat de marchandises ou l’approvisionnement de matières premières pour la production des marchandises). | O21: List the names and addresses of any foreign or Canadian firms related to your firm, i.e. firms that your firm is related to in any manner other than through an arm’s length (independent) customer/supplier relationship. For example, firms are associated or related if an officer or director of one firm is an officer or director of the other, if a firm directly or indirectly owns, holds or controls shares of the other firm. For each firm, indicate the nature of your association and its role in the industry (for example: production, export, import, sale, purchase of the goods or supply of direct materials used to produce the goods). | P21: Dressez la liste des dénominations et adresses de toutes les entreprises canadiennes ou étrangères auxquelles votre entreprise est reliée, c'est-à-dire des entreprises avec qui votre entreprise est liée de quelque façon que ce soit autre qu’une relation client-fournisseur sans lien de dépendance. Par exemple, des entreprises sont associées ou liées si un cadre ou un directeur de l’une est cadre ou directeur de l’autre, si une entreprise, directement ou indirectement, possède, détient ou contrôle des actions de l’autre entreprise. Pour chaque entreprise, veuillez indiquer le type d’affiliation et son rôle dans l'industrie (par exemple, la production, l’exportation, l’importation, la vente, l’achat de marchandises ou l’approvisionnement de matières premières pour la production des marchandises).
C26: =IF(Intro!$G$21="English",O26,P26) -> Dénomination sociale de l'entreprise | F26: =IF(Intro!$G$21="English",O27,P27) -> Adresse de l'entreprise | H26: =IF(Intro!$G$21="English",O28,P28) -> Type d'affiliation | J26: =IF(Intro!$G$21="English",O29,P29) -> Rôle dans l'industrie | O26: Firm Name | P26: Dénomination sociale de l'entreprise
B27: 1 | O27: Firm Address | P27: Adresse de l'entreprise
O28: Nature of association | P28: Type d'affiliation
B29: 2 | O29: Role in the Industry | P29: Rôle dans l'industrie
B31: 3
B33: 4
B35: 5
B37: 6
B39: 7
B41: 8
B43: 9
B45: 10
B49: =UPPER(IF(Intro!$G$21="English",O49,P49)) -> CARACTÉRISTIQUES DU MARCHÉ DES MARCHANDISES | O49: Market Characteristics of the Goods | P49: Caractéristiques du marché des marchandises
B50: Question 3
B52: =IF(Intro!$G$21="English",O52,P52) -> Si votre entreprise est un distributeur, indiquez dans quels segments de marché ces marchandises sont vendues. | O52: If your firm is a distributor, indicate the primary industries in which the goods are sold. | P52: Si votre entreprise est un distributeur, indiquez dans quels segments de marché ces marchandises sont vendues.
B53: =IF(Intro!$G$21="English",O53,P53) -> Si votre entreprise est un utilisateur final, indiquez vos segments de marché. | O53: If your firm is an end user, indicate your primary industries. | P53: Si votre entreprise est un utilisateur final, indiquez vos segments de marché.
B55: =IF(Intro!$G$21="English",O55,P55) -> Segment de marché 1 | O55: Primary Industry 1 | P55: Segment de marché 1
B60: =IF(Intro!$G$21="English",O60,P60) -> Segment de marché 2 | O60: Primary Industry 2 | P60: Segment de marché 2
B65: =IF(Intro!$G$21="English",O65,P65) -> Segment de marché 3 | O65: Primary Industry 3 | P65: Segment de marché 3
B71: Question 4
B73: =IF(Intro!$G$21="English",O73,P73) -> Quelles marchandises, soient fabriquées sur le marché intérieur ou importées, percevez-vous comme produits substituts raisonnables pour les marchandises qu'achètent votre entreprise? S'il y a des restrictions ou des contraintes ayant une incidence sur l’utilisation de ces produits de substitution (p. ex. la qualité, le coût relatif), précisez. | O73: What goods, either domestically produced or imported, do you view as reasonable alternatives to the goods that your firm buys? Specify any restrictions or limitations to the use of these alternative products (e.g., quality, relative cost). | P73: Quelles marchandises, soient fabriquées sur le marché intérieur ou importées, percevez-vous comme produits substituts raisonnables pour les marchandises qu'achètent votre entreprise? S'il y a des restrictions ou des contraintes ayant une incidence sur l’utilisation de ces produits de substitution (p. ex. la qualité, le coût relatif), précisez.
C77: =IF(Intro!$G$21="English",O77,P77) -> Type de produit acheté par votre entreprise | F77: =IF(Intro!$G$21="English",O78,P78) -> Produit substitut raisonnable | I77: =IF(Intro!$G$21="English",O79,P79) -> Restrictions ou contraintes | K77: =IF(Intro!$G$21="English",O80,P80) -> Quel serait le pourcentage de diminution minimum du prix requis pour rendre ce produit substitut concurrentiel, étant donné les prix actuels sur le marché? | O77: Type of product bought by your firm | P77: Type de produit acheté par votre entreprise
O78: Reasonable alternative product | P78: Produit substitut raisonnable
O79: Restrictions or limitations | P79: Restrictions ou contraintes
O80: Given current market prices, what is the minimum percentage decrease in the price of the alternative product to make it competitive? | P80: Quel serait le pourcentage de diminution minimum du prix requis pour rendre ce produit substitut concurrentiel, étant donné les prix actuels sur le marché?
B84: 1
B89: 2
B94: 3
B99: 4
B104: 5
B109: 6
B114: 7
B119: 8
B124: 9
B129: 10
B135: Question 5
B137: =IF(Intro!$G$21="English",O137,P137) -> Fournissez des détails indiquant s'il y a eu des changements technologiques qui ont eu une incidence sur le marché canadien des marchandises depuis le 1er janvier 2023. | O137: ="Provide details on whether there have been any changes in technology that have impacted the Canadian market for the goods since January 1, "&Variables!B6&"." -> Provide details on whether there have been any changes in technology that have impacted the Canadian market for the goods since January 1, 2023. | P137: ="Fournissez des détails indiquant s'il y a eu des changements technologiques qui ont eu une incidence sur le marché canadien des marchandises depuis le 1er janvier "&Variables!B6&"." -> Fournissez des détails indiquant s'il y a eu des changements technologiques qui ont eu une incidence sur le marché canadien des marchandises depuis le 1er janvier 2023.
B148: Question 6
B150: =IF(Intro!$G$21="English",O150,P150) -> Y a-t-il un facteur saisonnier dans les achats de marchandises par votre entreprise? Dans l'affirmative, expliquez comment le volume des achats de votre entreprise varie tout au long de l'année. | O150: Is there a seasonality factor to your firm's purchases of the goods? If so, explain how the volume of your firm’s purchases varies throughout the year. | P150: Y a-t-il un facteur saisonnier dans les achats de marchandises par votre entreprise? Dans l'affirmative, expliquez comment le volume des achats de votre entreprise varie tout au long de l'année.
B161: Question 7
B163: =IF(Intro!$G$21="English",O163,P163) -> Votre entreprise, ou les clients de votre entreprise, souhaitent-ils acheter ou demandent-ils spécifiquement des marchandises fabriquées au Canada ? | O163: Is your firm, or are your firm's customers, interested in purchasing, or specifically requesting Canadian-made goods? | P163: Votre entreprise, ou les clients de votre entreprise, souhaitent-ils acheter ou demandent-ils spécifiquement des marchandises fabriquées au Canada ?
B165: =IF(Intro!$G$21="English",O165,P165) -> Sélectionnez parmi: Toujours, Généralement, Parfois, Jamais | O165: ="Select from: "&Variables!B46&", "&Variables!B47&", "&Variables!B48&", "&Variables!B49 -> Select from: Always, Usually, Sometimes, Never | P165: ="Sélectionnez parmi: "&Variables!C46&", "&Variables!C47&", "&Variables!C48&", "&Variables!C49 -> Sélectionnez parmi: Toujours, Généralement, Parfois, Jamais
O173: Provide details. | P173: Donnez plus de détails.
B176: Question 8
B178: =IF(Intro!$G$21="English",O178,P178) -> Expliquez si votre entreprise, ou vos clients, sont prêts à payer un prix plus élevé pour les marchandises si elles sont produites au Canada et indiquez le montant maximal de cette prime. | O178: Explain whether your firm, or your firm's customers, are willing to pay a price premium for the goods if produced in Canada and identify the maximum amount of that premium? | P178: Expliquez si votre entreprise, ou vos clients, sont prêts à payer un prix plus élevé pour les marchandises si elles sont produites au Canada et indiquez le montant maximal de cette prime.
B180: =IF(Intro!$G$21="English",O180,P180) -> Sélectionnez oui ou non | O180: Select Yes or No | P180: Sélectionnez oui ou non
B182: =IF(Intro!$G$21="English",O182,P182) -> Si oui, indiquez la majoration du prix | E182: % | O182: If yes, indicate the price premium | P182: Si oui, indiquez la majoration du prix
B193: Question 9
B195: =IF(Intro!$G$21="English",O195,P195) -> Fournissez des détails concernant les produits liés aux marchandises que les producteurs canadiens ne peuvent pas fournir, mais qui sont offerts par des fournisseurs dans des pays autres que le Canada. | O195: Provide details concerning products related to the goods that Canadian producers cannot provide but are offered by suppliers in countries other than Canada. | P195: Fournissez des détails concernant les produits liés aux marchandises que les producteurs canadiens ne peuvent pas fournir, mais qui sont offerts par des fournisseurs dans des pays autres que le Canada.
B206: Question 10
B208: =IF(Intro!$G$21="English",O208,P208) -> Dans quelle mesure les marchandises produites au Canada sont-elles comparables en prix aux marchandises importées d'Italie, de Pologne et du R.U.? | O208: ="To what extent are the goods produced in Canada comparable in price with the goods imported from "&Variables!B5&"?" -> To what extent are the goods produced in Canada comparable in price with the goods imported from Italy, Poland and the UK? | P208: ="Dans quelle mesure les marchandises produites au Canada sont-elles comparables en prix aux marchandises importées "&Variables!C5&"?" -> Dans quelle mesure les marchandises produites au Canada sont-elles comparables en prix aux marchandises importées d'Italie, de Pologne et du R.U.?
B219: Question 10
B221: =IF(Intro!$G$21="English",O221,P221) -> Indiquez si les facteurs identifiés dans le tableau ci-dessous sont très importants, assez importants ou pas importants lors du choix d’un fournisseur des marchandises. | O221: Indicate whether the factors identified in the table below are very important, somewhat important or not important when choosing a supplier of the goods. | P221: Indiquez si les facteurs identifiés dans le tableau ci-dessous sont très importants, assez importants ou pas importants lors du choix d’un fournisseur des marchandises.
F223: =IF(Intro!$G$21="English",O223,P223) -> Importance | O223: Importance | P223: Importance
B224: =IF(Intro!$G$21="English",O224,P224) -> Qualité du produit | O224: Product quality | P224: Qualité du produit
B225: =IF(Intro!$G$21="English",O225,P225) -> Gamme de produits | O225: Range of product line | P225: Gamme de produits
B226: =IF(Intro!$G$21="English",O226,P226) -> Produit satisfait aux spécifications techniques | O226: Product meets technical specifications | P226: Produit satisfait aux spécifications techniques
B227: =IF(Intro!$G$21="English",O227,P227) -> Disponibilité de spécifications protégées | O227: Availability of proprietary specifications | P227: Disponibilité de spécifications protégées
B228: =IF(Intro!$G$21="English",O228,P228) -> Prix net le plus bas (après escomptes, promotions, etc.) | O228: Lowest net price (after discounts, promotions, etc.) | P228: Prix net le plus bas (après escomptes, promotions, etc.)
B229: =IF(Intro!$G$21="English",O229,P229) -> Accords de crédit | O229: Credit arrangements | P229: Accords de crédit
B230: =IF(Intro!$G$21="English",O230,P230) -> Frais de livraison | O230: Delivery cost | P230: Frais de livraison
B231: =IF(Intro!$G$21="English",O231,P231) -> Délais et modalités de livraison | O231: Delivery time and terms | P231: Délais et modalités de livraison
B232: =IF(Intro!$G$21="English",O232,P232) -> Fiabilité du fournisseur | O232: Reliability of supplier | P232: Fiabilité du fournisseur
B233: =IF(Intro!$G$21="English",O233,P233) -> Exigence de quantité minimale | O233: Minimum quantity requirement | P233: Exigence de quantité minimale
B234: =IF(Intro!$G$21="English",O234,P234) -> Disponibilité du stock | O234: Availability of on-hand inventory | P234: Disponibilité du stock
B235: =IF(Intro!$G$21="English",O235,P235) -> Service après-vente ou garanties | O235: After-sale service or warranties | P235: Service après-vente ou garanties
... B239: =IF(Intro!$G$21="English",O239,P239) -> Autres facteurs assez importants | O239: Other factors that are somewhat important | P239: Autres facteurs assez importants
B241: Question 11
B243: =IF(Intro!$G$21="English",O243,P243) -> Les marchandises produites au Canada et les marchandises importées sont-elles vendues par l’entremise des mêmes circuits de distribution? | O243: Are the goods that are domestically produced and the goods that are imported sold through the same channels of distribution? | P243: Les marchandises produites au Canada et les marchandises importées sont-elles vendues par l’entremise des mêmes circuits de distribution?
B245: =B180 -> Sélectionnez oui ou non
B247: =IF(Intro!$G$21="English",O247,P247) -> Sinon, expliquez les différences. | O247: If not, explain the differences. | P247: Sinon, expliquez les différences.
B258: Question 12
B260: =IF(Intro!$G$21="English",O260,P260) -> Les marchandises produites au Canada et les marchandises importées des pays énumérés ci-dessous sont-elles physiquement (ou fonctionnellement) interchangeables pour les mêmes types d'utilisations ou d'applications? | O260: Are the goods produced in Canada and the goods imported from the countries listed below physically (or functionally) interchangeable for the same intended purposes or applications? | P260: Les marchandises produites au Canada et les marchandises importées des pays énumérés ci-dessous sont-elles physiquement (ou fonctionnellement) interchangeables pour les mêmes types d'utilisations ou d'applications?
O262: Select | P262: Sélectionnez
D263: =IF(Intro!$G$21="English",O262,P262) -> Sélectionnez | E263: =IF(Intro!$G$21="English",O263,P263) -> Si "Jamais", donnez plus de détails. | O263: If "Never", provide details. | P263: Si "Jamais", donnez plus de détails.
B264: =IF(Intro!$G$21="English",O264,P264) -> Gluten de blé I | O264: =Variables!B30 -> Wheat Gluten I | P264: =Variables!C30 -> Gluten de blé I
B265: =IF(Intro!$G$21="English",O265,P265) -> République d'Italie | O265: =Variables!B31 -> Republic of Italy | P265: =Variables!C31 -> République d'Italie
B266: =IF(Intro!$G$21="English",O266,P266) -> Royaume-Uni | O266: =Variables!B32 -> United Kingdom | P266: =Variables!C32 -> Royaume-Uni
B267: =IF(Intro!$G$21="English",O267,P267) -> Pologne | O267: =Variables!B33 -> Poland | P267: =Variables!C33 -> Pologne
B268: =IF(Intro!$G$21="English",O268,P268) -> États-Unis d'Amérique | O268: =Variables!B34 -> United States of America | P268: =Variables!C34 -> États-Unis d'Amérique
B269: =IF(Intro!$G$21="English",O269,P269) -> Autres Pays | O269: Other Countries | P269: Autres Pays
B270: =IF(Intro!$G$21="English",O270,P270) -> Autres pays incluent : | O270: Other countries include: | P270: Autres pays incluent :
B272: Question 13
B274: =IF(Intro!$G$21="English",O274,P274) -> Quel est le délai de livraison typique pour les marchandises, soit du moment où une commande est passée à la date de livraison à votre établissement? | O274: What is the typical delivery time for the goods, from the day on which an order is placed to the day of arrival at your facility? | P274: Quel est le délai de livraison typique pour les marchandises, soit du moment où une commande est passée à la date de livraison à votre établissement?
O275: Minimum days | P275: Nombre de jours minimum
F276: =IF(Intro!$G$21="English",O275,P275) -> Nombre de jours minimum | H276: =IF(Intro!$G$21="English",O276,P276) -> Nombre de jours maximum | J276: =IF(Intro!$G$21="English",Variables!B59,Variables!C59) -> Je ne sais pas | O276: Maximum days | P276: Nombre de jours maximum
...

Sheet AddPub
O1: hiddenc | P1: hiddenc
B2: =IF(Intro!$G$21="English",O3,P3) -> PUBLIC | O2: English | P2: Français
O3: PUBLIC | P3: PUBLIC
B4: =Info!B4 -> QUESTIONNAIRE À L’INTENTION DES ACHETEURS
B5: =Info!B5 -> NQ-2026-006
B6: =Info!B6 -> GLUTEN DE BLÉ II
B8: =UPPER(IF(Intro!$G$21="English",O8,P8)) -> COMMENTAIRES PUBLICS | O8: PUBLIC COMMENTS | P8: COMMENTAIRES PUBLICS
B10: =IF(Intro!$G$21="English",O10,P10) -> Si votre entreprise désire ajouter des commentaires concernant vos réponses, vous les inscrivez ici. Indiquez à quelle question se rapportent vos commentaires. | O10: Should your firm wish to add any comments related to its responses, submit them here. Be sure to indicate the question number being commented on. | P10: Si votre entreprise désire ajouter des commentaires concernant vos réponses, vous les inscrivez ici. Indiquez à quelle question se rapportent vos commentaires.
O11: Tab and Question | P11: Onglet et question
A12: AA | C12: =IF(Intro!$G$21="English",O11,P11) -> Onglet et question | D12: =IF(Intro!$G$21="English",O12,P12) -> Commentaires | O12: Comments | P12: Commentaires
B13: =IF(Intro!$G$21="English",O13,P13) -> Commentaire 1 | O13: Comment 1 | P13: Commentaire 1
B23: =IF(Intro!$G$21="English",O23,P23) -> Commentaire 2 | O23: Comment 2 | P23: Commentaire 2
B33: =IF(Intro!$G$21="English",O33,P33) -> Commentaire 3 | O33: Comment 3 | P33: Commentaire 3
B43: =IF(Intro!$G$21="English",O43,P43) -> Commentaire 4 | O43: Comment 4 | P43: Commentaire 4
B53: =IF(Intro!$G$21="English",O53,P53) -> Commentaire 5 | O53: Comment 5 | P53: Commentaire 5

Sheet Pro
O1: hiddenc | P1: hiddenc
B2: =IF(Intro!$G$21="English",O3,P3) -> PROTÉGÉ | O2: English | P2: Français
O3: PROTECTED | P3: PROTÉGÉ
B4: =Info!B4 -> QUESTIONNAIRE À L’INTENTION DES ACHETEURS
B5: =Info!B5 -> NQ-2026-006
B6: =Info!B6 -> GLUTEN DE BLÉ II
B8: =Public!B8 -> Les questions suivantes font référence aux marchandises comme définies dans la description du produit de l'onglet Intro.
B9: =Public!B9 -> Des informations sur le produit et un glossaire de termes sont disponibles dans l'onglet Info.
B10: =IF(Intro!$G$21="English",O10,P10) -> Utilisez l'onglet AddPro si vous avez besoin de plus d'espace. | O10: Use the AddPro tab if more space is needed. | P10: ="Utilisez l'onglet AddPro si vous avez besoin de plus d'espace."&CHAR(10) -> Utilisez l'onglet AddPro si vous avez besoin de plus d'espace.
B12: =IF(Intro!$G$21="English",O12,P12) -> Pour les questions de cet onglet, notez ce qui suit : | O12: For the questions in this tab, note the following: | P12: Pour les questions de cet onglet, notez ce qui suit :
B13: =IF(Intro!$G$21="English",O13,P13) -> • Déclarez toutes les valeurs en dollars canadiens. | O13: • Report all values in Canadian dollars. | P13: • Déclarez toutes les valeurs en dollars canadiens.
B15: =IF(Intro!$G$21="English",O15,P15) -> ACHATS | O15: PURCHASES | P15: ACHATS
B16: Question 1
B18: =IF(Intro!$G$21="English",O18,P18) -> Indiquez le volume et la valeur approximatifs des achats par votre entreprise de marchandises produites dans les pays suivants. Dans le cas où les pays d'origine sont inconnus, indiquez le volume et la valeur approximatifs des achats de marchandises effectués par votre entreprise auprès de producteurs nationaux ou d'une autre source. | O18: Indicate the approximate volume and value of your firm’s purchases of the goods produced in the following countries. In the case where the country of origin is unknown, provide approximate volume and value of your firm’s purchases of the goods made from domestic producers or another source. | P18: Indiquez le volume et la valeur approximatifs des achats par votre entreprise de marchandises produites dans les pays suivants. Dans le cas où les pays d'origine sont inconnus, indiquez le volume et la valeur approximatifs des achats de marchandises effectués par votre entreprise auprès de producteurs nationaux ou d'une autre source.
H21: =Variables!B6 -> 2023 | I21: =H21+1 -> 2024 | J21: =I21+1 -> 2025 | K21: =IF(Intro!$G$21="English",Variables!B9,Variables!C9) -> janv.-juin 2025 | L21: =IF(Intro!$G$21="English",Variables!B10,Variables!C10) -> janv.-juin 2026
B23: Canada | E23: =IF(Intro!$G$21="English",Variables!$B$23,Variables!$C$23) -> Tonnes
E24: =IF(Intro!G$21="English","net delivered purchase value (CAD)","valeur d'achat nette rendue (CAD)") -> valeur d'achat nette rendue (CAD)
E25: ="$ / "&IF(Intro!$G$21="English",Variables!$B$24,Variables!$C$24) -> $ / Tonne | H25: =IF(H23=0,"-",H24/H23) -> - | I25: =IF(I23=0,"-",I24/I23) -> - | J25: =IF(J23=0,"-",J24/J23) -> - | K25: =IF(K23=0,"-",K24/K23) -> - | L25: =IF(L23=0,"-",L24/L23) -> -
B26: =IF(Intro!$G$21="English",Variables!B30,Variables!C30) -> Gluten de blé I | E26: =IF(Intro!$G$21="English",Variables!$B$23,Variables!$C$23) -> Tonnes
E27: =IF(Intro!G$21="English","net delivered purchase value (CAD)","valeur d'achat nette rendue (CAD)") -> valeur d'achat nette rendue (CAD)
E28: ="$ / "&IF(Intro!$G$21="English",Variables!$B$24,Variables!$C$24) -> $ / Tonne | H28: =IF(H26=0,"-",H27/H26) -> - | I28: =IF(I26=0,"-",I27/I26) -> - | J28: =IF(J26=0,"-",J27/J26) -> - | K28: =IF(K26=0,"-",K27/K26) -> - | L28: =IF(L26=0,"-",L27/L26) -> -
B29: =IF(Intro!$G$21="English",Variables!B31,Variables!C31) -> République d'Italie | E29: =IF(Intro!$G$21="English",Variables!$B$23,Variables!$C$23) -> Tonnes
E30: =IF(Intro!G$21="English","net delivered purchase value (CAD)","valeur d'achat nette rendue (CAD)") -> valeur d'achat nette rendue (CAD)
E31: ="$ / "&IF(Intro!$G$21="English",Variables!$B$24,Variables!$C$24) -> $ / Tonne | H31: =IF(H29=0,"-",H30/H29) -> - | I31: =IF(I29=0,"-",I30/I29) -> - | J31: =IF(J29=0,"-",J30/J29) -> - | K31: =IF(K29=0,"-",K30/K29) -> - | L31: =IF(L29=0,"-",L30/L29) -> -
B32: =IF(Intro!$G$21="English",Variables!B32,Variables!C32) -> Royaume-Uni | E32: =IF(Intro!$G$21="English",Variables!$B$23,Variables!$C$23) -> Tonnes
E33: =IF(Intro!G$21="English","net delivered purchase value (CAD)","valeur d'achat nette rendue (CAD)") -> valeur d'achat nette rendue (CAD)
E34: ="$ / "&IF(Intro!$G$21="English",Variables!$B$24,Variables!$C$24) -> $ / Tonne | H34: =IF(H32=0,"-",H33/H32) -> - | I34: =IF(I32=0,"-",I33/I32) -> - | J34: =IF(J32=0,"-",J33/J32) -> - | K34: =IF(K32=0,"-",K33/K32) -> - | L34: =IF(L32=0,"-",L33/L32) -> -
B35: =IF(Intro!$G$21="English",Variables!B33,Variables!C33) -> Pologne | E35: =IF(Intro!$G$21="English",Variables!$B$23,Variables!$C$23) -> Tonnes
E36: =IF(Intro!G$21="English","net delivered purchase value (CAD)","valeur d'achat nette rendue (CAD)") -> valeur d'achat nette rendue (CAD)
E37: ="$ / "&IF(Intro!$G$21="English",Variables!$B$24,Variables!$C$24) -> $ / Tonne | H37: =IF(H35=0,"-",H36/H35) -> - | I37: =IF(I35=0,"-",I36/I35) -> - | J37: =IF(J35=0,"-",J36/J35) -> - | K37: =IF(K35=0,"-",K36/K35) -> - | L37: =IF(L35=0,"-",L36/L35) -> -
B38: =IF(Intro!$G$21="English",Variables!B34,Variables!C34) -> États-Unis d'Amérique | E38: =IF(Intro!$G$21="English",Variables!$B$23,Variables!$C$23) -> Tonnes
E39: =IF(Intro!G$21="English","net delivered purchase value (CAD)","valeur d'achat nette rendue (CAD)") -> valeur d'achat nette rendue (CAD)
E40: ="$ / "&IF(Intro!$G$21="English",Variables!$B$24,Variables!$C$24) -> $ / Tonne | H40: =IF(H38=0,"-",H39/H38) -> - | I40: =IF(I38=0,"-",I39/I38) -> - | J40: =IF(J38=0,"-",J39/J38) -> - | K40: =IF(K38=0,"-",K39/K38) -> - | L40: =IF(L38=0,"-",L39/L38) -> -
B41: =IF(Intro!$G$21="English",Variables!B36,Variables!C36) -> Autres pays | E41: =IF(Intro!$G$21="English",Variables!$B$23,Variables!$C$23) -> Tonnes
E42: =IF(Intro!G$21="English","net delivered purchase value (CAD)","valeur d'achat nette rendue (CAD)") -> valeur d'achat nette rendue (CAD)
E43: ="$ / "&IF(Intro!$G$21="English",Variables!$B$24,Variables!$C$24) -> $ / Tonne | H43: =IF(H41=0,"-",H42/H41) -> - | I43: =IF(I41=0,"-",I42/I41) -> - | J43: =IF(J41=0,"-",J42/J41) -> - | K43: =IF(K41=0,"-",K42/K41) -> - | L43: =IF(L41=0,"-",L42/L41) -> -
B44: =IF(Intro!$G$21="English",O44,P44) -> Pays d’origine inconnue - Achats auprès d'un producteur national | E44: =IF(Intro!$G$21="English",Variables!$B$23,Variables!$C$23) -> Tonnes | O44: Unknown country of origin - Purchased from a domestic producer | P44: Pays d’origine inconnue - Achats auprès d'un producteur national
E45: =IF(Intro!G$21="English","net delivered purchase value (CAD)","valeur d'achat nette rendue (CAD)") -> valeur d'achat nette rendue (CAD)
E46: ="$ / "&IF(Intro!$G$21="English",Variables!$B$24,Variables!$C$24) -> $ / Tonne | H46: =IF(H44=0,"-",H45/H44) -> - | I46: =IF(I44=0,"-",I45/I44) -> - | J46: =IF(J44=0,"-",J45/J44) -> - | K46: =IF(K44=0,"-",K45/K44) -> - | L46: =IF(L44=0,"-",L45/L44) -> -
B47: =IF(Intro!$G$21="English",O47,P47) -> Pays d’origine inconnue - Achats auprès d'un autre fournisseur (énumérer ci-dessous) | E47: =IF(Intro!$G$21="English",Variables!$B$23,Variables!$C$23) -> Tonnes | O47: Unknown country of origin - Purchased from another source (list below) | P47: Pays d’origine inconnue - Achats auprès d'un autre fournisseur (énumérer ci-dessous)
E48: =IF(Intro!G$21="English","net delivered purchase value (CAD)","valeur d'achat nette rendue (CAD)") -> valeur d'achat nette rendue (CAD)
E49: ="$ / "&IF(Intro!$G$21="English",Variables!$B$24,Variables!$C$24) -> $ / Tonne | H49: =IF(H47=0,"-",H48/H47) -> - | I49: =IF(I47=0,"-",I48/I47) -> - | J49: =IF(J47=0,"-",J48/J47) -> - | K49: =IF(K47=0,"-",K48/K47) -> - | L49: =IF(L47=0,"-",L48/L47) -> -
O50: Other sources include | P50: Autres fournisseurs incluent
B55: Question 2
B57: =IF(Intro!$G$21="English",O57,P57) -> Nommez les fournisseurs les plus importants des marchandises de votre entreprise depuis le 1er janvier 2023. | O57: ="Indicate your firm's top suppliers of the goods since January 1, "&Variables!B6&"." -> Indicate your firm's top suppliers of the goods since January 1, 2023. | P57: ="Nommez les fournisseurs les plus importants des marchandises de votre entreprise depuis le 1er janvier "&Variables!B6&"." -> Nommez les fournisseurs les plus importants des marchandises de votre entreprise depuis le 1er janvier 2023.
O58: Firm Name | P58: Dénomination sociale de l'entreprise
C59: =IF(Intro!$G$21="English",O58,P58) -> Dénomination sociale de l'entreprise | G59: =IF(Intro!$G$21="English",O59,P59) -> Rôle dans le marché canadien | O59: Role in Canadian Market | P59: Rôle dans le marché canadien
B60: 1
B62: 2
B64: 3
B66: 4
B68: 5
B70: 6
B72: 7
B74: 8
B76: 9
B78: 10
B81: Question 3
B83: =IF(Intro!$G$21="English",O83,P83) -> Au cours des 12 derniers mois, indiquez si votre entreprise a été contactée par des producteurs ou des distributeurs pour proposer la vente des marchandises. Si tel est le cas, indiquez le pays d'origine des marchandises proposées. | O83: In the last 12 months, indicate if your firm has been contacted by producers or distributors with offers to sell the goods. If so, indicate the country of origin of the goods being offered. | P83: Au cours des 12 derniers mois, indiquez si votre entreprise a été contactée par des producteurs ou des distributeurs pour proposer la vente des marchandises. Si tel est le cas, indiquez le pays d'origine des marchandises proposées.
O85: Producer | P85: Producteur
E86: =IF(Intro!$G$21="English",O85,P85) -> Producteur | G86: =IF(Intro!$G$21="English",O86,P86) -> Distributeur | O86: Distributor | P86: Distributeur
B87: =IF(Intro!$G$21="English",O87,P87) -> Pays d'origine inconnue | O87: Country of origin unknown | P87: Pays d'origine inconnue
B88: =IF(Intro!$G$21="English",Variables!B31,Variables!C31) -> République d'Italie
B89: Canada
B90: =IF(Intro!$G$21="English",Variables!B30,Variables!C30) -> Gluten de blé I
B91: =IF(Intro!$G$21="English",Variables!B34,Variables!C34) -> États-Unis d'Amérique
B92: =IF(Intro!$G$21="English",Variables!B32,Variables!C32) -> Royaume-Uni
B93: =IF(Intro!$G$21="English",Variables!B33,Variables!C33) -> Pologne
B94: =IF(Intro!$G$21="English",Variables!B36,Variables!C36) -> Autres pays
B100: =UPPER(IF(Intro!$G$21="English",O100,P100)) -> DÉCISIONS D'ACHAT | O100: Purchasing decisions | P100: Décisions d'achat
B101: Question 4
B103: =IF(Intro!$G$21="English",O103,P103) -> Identifiez toutes les exigences qui doivent être remplies ou prises en compte avant que votre entreprise décide qu'elle doit acheter les marchandises. | O103: Identify any requirements that must be met or taken into account before your firm decides it needs to purchase the goods. | P103: Identifiez toutes les exigences qui doivent être remplies ou prises en compte avant que votre entreprise décide qu'elle doit acheter les marchandises.
B114: Question 5
B116: =IF(Intro!$G$21="English",O116,P116) -> Avec combien de fournisseurs votre entreprise communique-t-elle, généralement, avant de décider d’acheter des marchandises? | O116: How many suppliers generally does your firm contact before deciding to purchase the goods? | P116: Avec combien de fournisseurs votre entreprise communique-t-elle, généralement, avant de décider d’acheter des marchandises?
B118: =IF(Intro!$G$21="English",O118,P118) -> Nombre de fournisseurs | O118: Number of suppliers | P118: Nombre de fournisseurs
B120: Question 6
B122: =IF(Intro!$G$21="English",O122,P122) -> Outre le prix, quels facteurs votre entreprise prend-elle en compte lors de sa décision d’achat ? | O122: Aside from price, what factors does your firm take into account when making its purchasing decision? | P122: Outre le prix, quels facteurs votre entreprise prend-elle en compte lors de sa décision d’achat ?
B124: =IF(Intro!$G$21="English",O124,P124) -> Qualité du produit | O124: Product quality | P124: Qualité du produit
B125: =IF(Intro!$G$21="English",O125,P125) -> Gamme de produits | O125: Range of product line | P125: Gamme de produits
B126: =IF(Intro!$G$21="English",O126,P126) -> Produit satisfait aux spécifications techniques | O126: Product meets technical specifications | P126: Produit satisfait aux spécifications techniques
B127: =IF(Intro!$G$21="English",O127,P127) -> Disponibilité de spécifications protégées | O127: Availability of proprietary specifications | P127: Disponibilité de spécifications protégées
B128: =IF(Intro!$G$21="English",O128,P128) -> Accords de crédit | O128: Credit arrangements | P128: Accords de crédit
B129: =IF(Intro!$G$21="English",O129,P129) -> Frais de livraison | O129: Delivery cost | P129: Frais de livraison
B130: =IF(Intro!$G$21="English",O130,P130) -> Délais et modalités de livraison | O130: Delivery time and terms | P130: Délais et modalités de livraison
B131: =IF(Intro!$G$21="English",O131,P131) -> Fiabilité du fournisseur | O131: Reliability of supplier | P131: Fiabilité du fournisseur
B132: =IF(Intro!$G$21="English",O132,P132) -> Exigence de quantité minimale | O132: Minimum quantity requirement | P132: Exigence de quantité minimale
B133: =IF(Intro!$G$21="English",O133,P133) -> Disponibilité du stock | O133: Availability of on-hand inventory | P133: Disponibilité du stock
B134: =IF(Intro!$G$21="English",O134,P134) -> Service après-vente ou garanties | O134: After-sale service or warranties | P134: Service après-vente ou garanties
... B137: =IF(Intro!$G$21="English",O137,P137) -> Autres facteurs incluent | O137: Other factors include | P137: Autres facteurs incluent
B142: Question 7
B144: =IF(Intro!$G$21="English",O144,P144) -> Quelles sont les méthodes habituelles pour établir le prix d'une transaction? | O144: What are the usual methods of establishing a transaction price? | P144: Quelles sont les méthodes habituelles pour établir le prix d'une transaction?
B146: =IF(Intro!$G$21="English",O146,P146) -> Demande de soumissions | O146: Request for quotations | P146: Demande de soumissions
B147: =IF(Intro!$G$21="English",O147,P147) -> Appel d'offres | O147: Competitive bidding | P147: Appel d'offres
B148: =IF(Intro!$G$21="English",O148,P148) -> Négociation avec un fournisseur connu à la lumière d'information sur les prix du marché | O148: Negotiation with an established supplier based on market intelligence on prices | P148: Négociation avec un fournisseur connu à la lumière d'information sur les prix du marché
B150: =IF(Intro!$G$21="English",O150,P150) -> Négociation avec un fournisseur connu à la suite de soumissions non sollicitées | O150: Negotiation with an established supplier based on unsolicited bids received | P150: Négociation avec un fournisseur connu à la suite de soumissions non sollicitées
B152: =IF(Intro!$G$21="English",O152,P152) -> Prix publiés | O152: Published list prices | P152: Prix publiés
B153: =IF(Intro!$G$21="English",O153,P153) -> Autres méthodes incluent | O153: Other methods include | P153: Autres méthodes incluent
B158: Question 8
B160: =IF(Intro!$G$21="English",O160,P160) -> Une fois que les marchandises satisfont aux spécifications exigées, à quelle fréquence le prix net le plus bas offert pour les marchandises décroche un contrat ou une vente? | O160: Once the goods meet required specifications, how often does the lowest net price offered for the goods win a contract or a sale? | P160: Une fois que les marchandises satisfont aux spécifications exigées, à quelle fréquence le prix net le plus bas offert pour les marchandises décroche un contrat ou une vente?
B163: =IF(Intro!$G$21="English",O163,P163) -> Sélectionnez parmi : Toujours, Généralement, Parfois, Jamais | O163: ="Select from: "&Variables!B46&", "&Variables!B47&", "&Variables!B48&", "&Variables!B49 -> Select from: Always, Usually, Sometimes, Never | P163: ="Sélectionnez parmi : "&Variables!C46&", "&Variables!C47&", "&Variables!C48&", "&Variables!C49 -> Sélectionnez parmi : Toujours, Généralement, Parfois, Jamais
...

Sheet AddPro
O1: hiddenc | P1: hiddenc
B2: =Pro!B2 -> PROTÉGÉ | O2: English | P2: Français
B4: =Info!B4 -> QUESTIONNAIRE À L’INTENTION DES ACHETEURS
B5: =Info!B5 -> NQ-2026-006
B6: =Info!B6 -> GLUTEN DE BLÉ II
B8: =UPPER(IF(Intro!$G$21="English",O8,P8)) -> COMMENTAIRES PROTÉGÉS | O8: PROTECTED COMMENTS | P8: COMMENTAIRES PROTÉGÉS
B10: =IF(Intro!$G$21="English",O10,P10) -> Si votre entreprise désire ajouter des commentaires concernant vos réponses, vous les inscrivez ici. Indiquez à quelle question se rapportent vos commentaires. | O10: Should your firm wish to add any comments related to its responses, submit them here. Be sure to indicate the question number being commented on. | P10: Si votre entreprise désire ajouter des commentaires concernant vos réponses, vous les inscrivez ici. Indiquez à quelle question se rapportent vos commentaires.
O11: Tab and Question | P11: Onglet et question
A12: AA | C12: =IF(Intro!$G$21="English",O11,P11) -> Onglet et question | D12: =IF(Intro!$G$21="English",O12,P12) -> Commentaires | O12: Comments | P12: Commentaires
B13: =IF(Intro!$G$21="English",O13,P13) -> Commentaire 1 | O13: Comment 1 | P13: Commentaire 1
B23: =IF(Intro!$G$21="English",O23,P23) -> Commentaire 2 | O23: Comment 2 | P23: Commentaire 2
B33: =IF(Intro!$G$21="English",O33,P33) -> Commentaire 3 | O33: Comment 3 | P33: Commentaire 3
B43: =IF(Intro!$G$21="English",O43,P43) -> Commentaire 4 | O43: Comment 4 | P43: Commentaire 4
B53: =IF(Intro!$G$21="English",O53,P53) -> Commentaire 5 | O53: Comment 5 | P53: Commentaire 5

Sheet Confirm
O1: hiddenc | P1: hiddenc
B2: PUBLIC | O2: English | P2: Français
B4: =Info!B4 -> QUESTIONNAIRE À L’INTENTION DES ACHETEURS
B5: =Info!B5 -> NQ-2026-006
B6: =Info!B6 -> GLUTEN DE BLÉ II
B8: =UPPER(IF(Intro!$G$21="English",O8,P8)) -> CONFIRMATION DES DONNÉES DÉCLARÉES | O8: CONFIRMATION OF REPORTED DATA | P8: CONFIRMATION DES DONNÉES DÉCLARÉES
B9: =IF(Intro!$G$21="English",O9,P9) -> GÉNÉRAL | O9: GENERAL | P9: GÉNÉRAL
J11: =IF(Intro!$G$21="English",O11,P11) -> Sélectionnez oui ou non | O11: Select Yes or No | P11: Sélectionnez oui ou non
B12: =IF(Intro!$G$21="English",O12,P12) -> Confirmez que toutes les données déclarées dans ce questionnaire concernent les marchandises telles que définies dans l’onglet « Intro ». | O12: Confirm that all data reported in this questionnaire pertain to the goods as defined in the "Intro" tab. | P12: Confirmez que toutes les données déclarées dans ce questionnaire concernent les marchandises telles que définies dans l’onglet « Intro ».
B13: =IF(Intro!$G$21="English",O13,P13) -> Confirmez que tous les volumes déclarés dans ce questionnaire sont en Tonnes. | O13: ="Confirm that all volumes reported in this questionnaire are in "&(Variables!B23)&"." -> Confirm that all volumes reported in this questionnaire are in Tonnes. | P13: ="Confirmez que tous les volumes déclarés dans ce questionnaire sont en "&(Variables!C23)&"." -> Confirmez que tous les volumes déclarés dans ce questionnaire sont en Tonnes.
B14: =IF(Intro!$G$21="English",O14,P14) -> Confirmez que toutes les valeurs déclarées dans ce questionnaire sont en dollars canadiens. | D14: =IF(SUM(#REF!)<>0,"X","-") -> #REF! | E14: =IF(SUM(#REF!)<>0,"X","-") -> #REF! | F14: =IF(SUM(#REF!)<>0,"X","-") -> #REF! | G14: =IF(SUM(#REF!)<>0,"X","-") -> #REF! | I14: =IF(SUM(#REF!)<>0,"X","-") -> #REF! | O14: Confirm that all values reported in this questionnaire are in Canadian dollars. | P14: Confirmez que toutes les valeurs déclarées dans ce questionnaire sont en dollars canadiens.
B15: =IF(Intro!$G$21="English",O15,P15) -> Confirmez que tous les renseignements déclarés le sont selon l’année civile. | D15: =IF(SUM(#REF!)<>0,"X","-") -> #REF! | E15: =IF(SUM(#REF!)<>0,"X","-") -> #REF! | F15: =IF(SUM(#REF!)<>0,"X","-") -> #REF! | G15: =IF(SUM(#REF!)<>0,"X","-") -> #REF! | I15: =IF(SUM(#REF!)<>0,"X","-") -> #REF! | O15: Confirm that all information is reported on a calendar-year basis. | P15: Confirmez que tous les renseignements déclarés le sont selon l’année civile.
B17: =IF(Intro!$G$21="English",O17,P17) -> Si non, expliquez. | O17: If no, explain. | P17: Si non, expliquez.
B28: =IF(Intro!$G$21="English",O28,P28) -> ACHATS | O28: PURCHASES | P28: ACHATS
B30: =IF(Intro!$G$21="English",O30,P30) -> Note : L’information publique/non confidentielle dans ce tableau est générée automatiquement à partir de l’information fournie sous l'onglet « Pro ». Par conséquent, toute modification à apporter à ce résumé public/non confidentiel doit être faite sous l'onglet « Pro ». | O30: Note: Public/non-confidential information in this table is automatically generated from the information provided in the "Pro" tab. Any changes to this public summary must therefore be made in the "Pro" tab. | P30: Note : L’information publique/non confidentielle dans ce tableau est générée automatiquement à partir de l’information fournie sous l'onglet « Pro ». Par conséquent, toute modification à apporter à ce résumé public/non confidentiel doit être faite sous l'onglet « Pro ».
E33: =Variables!B6 -> 2023 | F33: =E33+1 -> 2024 | G33: =F33+1 -> 2025 | H33: =IF(Intro!$G$21="English",Variables!B9,Variables!C9) -> janv.-juin 2025 | I33: =IF(Intro!$G$21="English",Variables!B10,Variables!C10) -> janv.-juin 2026
B34: Canada | E34: =IF(SUM(Pro!H23:H24)<>0,"X","-") -> - | F34: =IF(SUM(Pro!I23:I24)<>0,"X","-") -> - | G34: =IF(SUM(Pro!J23:J24)<>0,"X","-") -> - | H34: =IF(SUM(Pro!K23:K24)<>0,"X","-") -> - | I34: =IF(SUM(Pro!L23:L24)<>0,"X","-") -> -
B35: =IF(Intro!$G$21="English",Variables!B30,Variables!C30) -> Gluten de blé I | E35: =IF(SUM(Pro!H26:H27)<>0,"X","-") -> - | F35: =IF(SUM(Pro!I26:I27)<>0,"X","-") -> - | G35: =IF(SUM(Pro!J26:J27)<>0,"X","-") -> - | H35: =IF(SUM(Pro!K26:K27)<>0,"X","-") -> - | I35: =IF(SUM(Pro!L26:L27)<>0,"X","-") -> -
B36: =IF(Intro!$G$21="English",Variables!B31,Variables!C31) -> République d'Italie | E36: =IF(SUM(Pro!H27:H28)<>0,"X","-") -> - | F36: =IF(SUM(Pro!I27:I28)<>0,"X","-") -> - | G36: =IF(SUM(Pro!J27:J28)<>0,"X","-") -> - | H36: =IF(SUM(Pro!K27:K28)<>0,"X","-") -> - | I36: =IF(SUM(Pro!L27:L28)<>0,"X","-") -> -
B37: =IF(Intro!$G$21="English",Variables!B34,Variables!C34) -> États-Unis d'Amérique | E37: =IF(SUM(Pro!H29:H30)<>0,"X","-") -> - | F37: =IF(SUM(Pro!I29:I30)<>0,"X","-") -> - | G37: =IF(SUM(Pro!J29:J30)<>0,"X","-") -> - | H37: =IF(SUM(Pro!K29:K30)<>0,"X","-") -> - | I37: =IF(SUM(Pro!L29:L30)<>0,"X","-") -> -
B38: =IF(Intro!$G$21="English",Variables!B32,Variables!C32) -> Royaume-Uni | E38: =IF(SUM(Pro!H32:H33)<>0,"X","-") -> - | F38: =IF(SUM(Pro!I32:I33)<>0,"X","-") -> - | G38: =IF(SUM(Pro!J32:J33)<>0,"X","-") -> - | H38: =IF(SUM(Pro!K32:K33)<>0,"X","-") -> - | I38: =IF(SUM(Pro!L32:L33)<>0,"X","-") -> -
B39: =IF(Intro!$G$21="English",Variables!B33,Variables!C33) -> Pologne | E39: =IF(SUM(Pro!H35:H36)<>0,"X","-") -> - | F39: =IF(SUM(Pro!I35:I36)<>0,"X","-") -> - | G39: =IF(SUM(Pro!J35:J36)<>0,"X","-") -> - | H39: =IF(SUM(Pro!K35:K36)<>0,"X","-") -> - | I39: =IF(SUM(Pro!L35:L36)<>0,"X","-") -> -
B40: =IF(Intro!$G$21="English",Variables!B35,Variables!C35) -> Autres Pays | E40: =IF(SUM(Pro!H38:H39)<>0,"X","-") -> - | F40: =IF(SUM(Pro!I38:I39)<>0,"X","-") -> - | G40: =IF(SUM(Pro!J38:J39)<>0,"X","-") -> - | H40: =IF(SUM(Pro!K38:K39)<>0,"X","-") -> - | I40: =IF(SUM(Pro!L38:L39)<>0,"X","-") -> -
B41: =IF(Intro!$G$21="English",Variables!B36&" include: ",Variables!C36&" incluent : ") -> Autres pays incluent : | E41: =IF(Pro!B50="","-",Pro!B50) -> -
B45: =Pro!B44 -> Pays d’origine inconnue - Achats auprès d'un producteur national | E45: =IF(SUM(Pro!H44:H45)<>0,"X","-") -> - | F45: =IF(SUM(Pro!I44:I45)<>0,"X","-") -> - | G45: =IF(SUM(Pro!J44:J45)<>0,"X","-") -> - | H45: =IF(SUM(Pro!K44:K45)<>0,"X","-") -> - | I45: =IF(SUM(Pro!L44:L45)<>0,"X","-") -> -
B47: =IF(Intro!$G$21="English",O47,P47) -> Pays d’origine inconnue - Achats auprès d'un autre fournisseur | E47: =IF(SUM(Pro!H47:H48)<>0,"X","-") -> - | F47: =IF(SUM(Pro!I47:I48)<>0,"X","-") -> - | G47: =IF(SUM(Pro!J47:J48)<>0,"X","-") -> - | H47: =IF(SUM(Pro!K47:K48)<>0,"X","-") -> - | I47: =IF(SUM(Pro!L47:L48)<>0,"X","-") -> - | O47: Unknown country of origin - Purchased from another source | P47: Pays d’origine inconnue - Achats auprès d'un autre fournisseur
B49: =IF(Intro!$G$21="English",O49,P49) -> Autres fournisseurs incluent : | E49: =IF(Pro!B50="","-",Pro!B50) -> - | O49: Other sources include: | P49: Autres fournisseurs incluent :

Sheet DB
A1: Question No. | B1: QUESTION | F1: Purchaser # | EL1: Purchaser = | EM1: Purchaser = | EN1: Purchaser = | EO1: Purchaser = | EP1: Purchaser = | EQ1: Purchaser = | ER1: Purchaser = | ES1: Purchaser =
F2: =Intro!E73 -> 0 | EL2: =Intro!EK73 -> 0 | EM2: =Intro!EL73 -> 0 | EN2: =Intro!EM73 -> 0 | EO2: =Intro!EN73 -> 0 | EP2: =Intro!EO73 -> 0 | EQ2: =Intro!EP73 -> 0 | ER2: =Intro!EQ73 -> 0 | ES2: =Intro!ER73 -> 0
A5: TAB: | B5: Public
A6: P-Q1. | B6: Firm's trade level:
A7: FIRMS | B7: Distributors / Distributeurs | F7: =IF(OR(Public!$D$17="Distributor",Public!$D$17="Distributeur"),"X","")
B8: End Users / Utilisateurs finals | F8: =IF(OR(Public!$D$17="End user",Public!$D$17="Utilisateur final"),"X","")
A10: P-Q3. (A) | B10: Distributor - Primary Industries of Firm's Customers:
B11: Industry 1 | F11: =IF($F$7="X",Public!$D$55,"")
B12: Industry 2 | F12: =IF($F$7="X",Public!$D$60,"")
B13: Industry 3 | F13: =IF($F$7="X",Public!$D$65,"")
A14: P-Q3. (B) | B14: End-User - Primary Industries of Firm's Customers:
B15: Industry 1 | F15: =IF($F$8="X",Public!$D$55,"")
B16: Industry 2 | F16: =IF($F$8="X",Public!$D$60,"")
B17: Industry 3 | F17: =IF($F$8="X",Public!$D$65,"")
A19: P-Q7. | B19: Is there an interest in purchasing "domestically produced" or "made in Canada" goods?
A20: Substitutability | B20: Always / Toujours | F20: =IF(OR(Public!$F$165="Always",Public!$F$165="Toujours"),"X","")
B21: Usually / Généralement | F21: =IF(OR(Public!$F$165="Usually",Public!$F$165="Généralement"),"X","")
B22: Sometimes / Parfois | F22: =IF(OR(Public!$F$165="Sometimes",Public!$F$165="Parfois"),"X","")
B23: Never / Jamais | F23: =IF(OR(Public!$F$165="Never",Public!$F$165="Jamais"),"X","")
B25: If yes - Explanation: | F25: =IF(Public!$B$167<>0,Public!$B$167,"")
A27: P-Q8 | B27: Is your firm, or are your firm's customers, willing to pay a premium for, "domestically produced" or “made in Canada”?
B28: Yes / Oui | F28: =IF(OR(Public!$D$180="Yes",Public!$D$180="Oui"),"X","")
B29: No / Non | F29: =IF(OR(Public!$D$180="No",Public!$D$180="Non"),"X","")
B31: % | F31: =IF(Public!$F$182<>0,Public!$F$182,"")
A33: P-Q11. | B33: Are domestically produced goods sold through the same channels of distribution as imported goods?
A34: Substitutability | B34: Yes / Oui | F34: =IF(OR(Public!$D$245="Yes",Public!$D$245="Oui"),"X","")
B35: No / Non | F35: =IF(OR(Public!$D$245="No",Public!$D$245="Non"),"X","")
A37: P-Q10. | B37: What are the principal factors affecting demand?
A38: PurchaseProc | B38: Use V [very] , S [somewhat] , N [not] to indicate the firm's response:
B39: Product quality | F39: =IF(OR(Public!$F224="Very Important",Public!$F224="Très Important"),"V",IF(OR(Public!$F224="Somewhat Important",Public!$F224="Assez Important"),"S",IF(OR(Public!$F224="Not Important",Public!$F224="Pas Important"),"N","")))
B40: Range of product line | F40: =IF(OR(Public!$F225="Very Important",Public!$F225="Très Important"),"V",IF(OR(Public!$F225="Somewhat Important",Public!$F225="Assez Important"),"S",IF(OR(Public!$F225="Not Important",Public!$F225="Pas Important"),"N","")))
B41: Product meets technical specifications | F41: =IF(OR(Public!$F226="Very Important",Public!$F226="Très Important"),"V",IF(OR(Public!$F226="Somewhat Important",Public!$F226="Assez Important"),"S",IF(OR(Public!$F226="Not Important",Public!$F226="Pas Important"),"N","")))
B42: Availability of proprietary specifications | F42: =IF(OR(Public!$F227="Very Important",Public!$F227="Très Important"),"V",IF(OR(Public!$F227="Somewhat Important",Public!$F227="Assez Important"),"S",IF(OR(Public!$F227="Not Important",Public!$F227="Pas Important"),"N","")))
B43: Lowest net price (after discounts, promotions, etc.) | F43: =IF(OR(Public!$F228="Very Important",Public!$F228="Très Important"),"V",IF(OR(Public!$F228="Somewhat Important",Public!$F228="Assez Important"),"S",IF(OR(Public!$F228="Not Important",Public!$F228="Pas Important"),"N","")))
B44: Credit arrangements | F44: =IF(OR(Public!$F229="Very Important",Public!$F229="Très Important"),"V",IF(OR(Public!$F229="Somewhat Important",Public!$F229="Assez Important"),"S",IF(OR(Public!$F229="Not Important",Public!$F229="Pas Important"),"N","")))
B45: Delivery cost | F45: =IF(OR(Public!$F230="Very Important",Public!$F230="Très Important"),"V",IF(OR(Public!$F230="Somewhat Important",Public!$F230="Assez Important"),"S",IF(OR(Public!$F230="Not Important",Public!$F230="Pas Important"),"N","")))
B46: Delivery time and terms | F46: =IF(OR(Public!$F231="Very Important",Public!$F231="Très Important"),"V",IF(OR(Public!$F231="Somewhat Important",Public!$F231="Assez Important"),"S",IF(OR(Public!$F231="Not Important",Public!$F231="Pas Important"),"N","")))
B47: Reliability of supplier | F47: =IF(OR(Public!$F232="Very Important",Public!$F232="Très Important"),"V",IF(OR(Public!$F232="Somewhat Important",Public!$F232="Assez Important"),"S",IF(OR(Public!$F232="Not Important",Public!$F232="Pas Important"),"N","")))
B48: Minimum quantity requirement | F48: =IF(OR(Public!$F233="Very Important",Public!$F233="Très Important"),"V",IF(OR(Public!$F233="Somewhat Important",Public!$F233="Assez Important"),"S",IF(OR(Public!$F233="Not Important",Public!$F233="Pas Important"),"N","")))
B49: Availability of on-hand inventory | F49: =IF(OR(Public!$F234="Very Important",Public!$F234="Très Important"),"V",IF(OR(Public!$F234="Somewhat Important",Public!$F234="Assez Important"),"S",IF(OR(Public!$F234="Not Important",Public!$F234="Pas Important"),"N","")))
B50: After-sale service or warranties | F50: =IF(OR(Public!$F235="Very Important",Public!$F235="Très Important"),"V",IF(OR(Public!$F235="Somewhat Important",Public!$F235="Assez Important"),"S",IF(OR(Public!$F235="Not Important",Public!$F235="Pas Important"),"N","")))
... B52: Geographic location of supplier | F52: =IF(OR(Public!$F237="Very Important",Public!$F237="Très Important"),"V",IF(OR(Public!$F237="Somewhat Important",Public!$F237="Assez Important"),"S",IF(OR(Public!$F237="Not Important",Public!$F237="Pas Important"),"N","")))
B53: Other factors that are very important | F53: =IF(Public!$F$238<>0,"V","")
A54: Answer here | B54: Specify other factors | F54: =Public!F238 -> 0
B55: Other factors that are somewhat important | F55: =IF(Public!$F$239<>0,"S","")
A56: Answer here | B56: Specify other factors | F56: =Public!F239 -> 0
A58: P-Q4. | B58: What alternative products exist for the subject goods?
A59: Prod 1: | B59: [ name product here ]
B60: Type of product | F60: =IF(Public!$C$84<>0,Public!$C$84,"")
B61: Reasonable Alternative | F61: =IF(Public!$F$84<>0,Public!$F$84,"")
B62: Restrictions / Limitation | F62: =IF(Public!$I$84<>0,Public!$I$84,"")
B63: Minimum percentage decrease | F63: =IF(Public!$K$84<>0,Public!$K$84,"")
A64: Prod 2: | B64: [ name product here ]
B65: Type of product | F65: =IF(Public!$C$89<>0,Public!$C$89,"")
B66: Reasonable Alternative | F66: =IF(Public!$F$89<>0,Public!$F$89,"")
B67: Restrictions / Limitation | F67: =IF(Public!$I$89<>0,Public!$I$89,"")
B68: Minimum percentage decrease | F68: =IF(Public!$K$89<>0,Public!$K$89,"")
A69: Prod 3: | B69: [ name product here ]
B70: Type of product | F70: =IF(Public!$C$94<>0,Public!$C$94,"")
B71: Reasonable Alternative | F71: =IF(Public!$F$94<>0,Public!$F$94,"")
B72: Restrictions / Limitation | F72: =IF(Public!$I$94<>0,Public!$I$94,"")
B73: Minimum percentage decrease | F73: =IF(Public!$K$94<>0,Public!$K$94,"")
A74: Prod 4: | B74: [ name product here ]
B75: Type of product | F75: =IF(Public!$C$99<>0,Public!$C$99,"")
B76: Reasonable Alternative | F76: =IF(Public!$F$99<>0,Public!$F$99,"")
B77: Restrictions / Limitation | F77: =IF(Public!$I$99<>0,Public!$I$99,"")
B78: Minimum percentage decrease | F78: =IF(Public!$K$99<>0,Public!$K$99,"")
A79: Prod 5: | B79: [ name product here ]
B80: Type of product | F80: =IF(Public!$C$104<>0,Public!$C$104,"")
B81: Reasonable Alternative | F81: =IF(Public!$F$104<>0,Public!$F$104,"")
B82: Restrictions / Limitation | F82: =IF(Public!$I$104<>0,Public!$I$104,"")
B83: Minimum percentage decrease | F83: =IF(Public!$K$104<>0,Public!$K$104,"")
A84: Prod 6: | B84: [ name product here ]
B85: Type of product | F85: =IF(Public!$C$109<>0,Public!$C$109,"")
B86: Reasonable Alternative | F86: =IF(Public!$F$109<>0,Public!$F$109,"")
B87: Restrictions / Limitation | F87: =IF(Public!$I$109<>0,Public!$I$109,"")
B88: Minimum percentage decrease | F88: =IF(Public!$K$109<>0,Public!$K$109,"")
A89: Prod 7: | B89: [ name product here ]
B90: Type of product | F90: =IF(Public!$C$114<>0,Public!$C$114,"")
B91: Reasonable Alternative | F91: =IF(Public!$F$114<>0,Public!$F$114,"")
B92: Restrictions / Limitation | F92: =IF(Public!$I$114<>0,Public!$I$114,"")
B93: Minimum percentage decrease | F93: =IF(Public!$K$114<>0,Public!$K$114,"")
A94: Prod 8: | B94: [ name product here ]
B95: Type of product | F95: =IF(Public!$C$119<>0,Public!$C$119,"")
B96: Reasonable Alternative | F96: =IF(Public!$F$119<>0,Public!$F$119,"")
B97: Restrictions / Limitation | F97: =IF(Public!$I$119<>0,Public!$I$119,"")
B98: Minimum percentage decrease | F98: =IF(Public!$K$119<>0,Public!$K$119,"")
A99: Prod 9: | B99: [ name product here ]
B100: Type of product | F100: =IF(Public!$C$124<>0,Public!$C$124,"")
B101: Reasonable Alternative | F101: =IF(Public!$F$124<>0,Public!$F$124,"")
B102: Restrictions / Limitation | F102: =IF(Public!$I$124<>0,Public!$I$124,"")
B103: Minimum percentage decrease | F103: =IF(Public!$K$124<>0,Public!$K$124,"")
A104: Prod 10: | B104: [ name product here ]
B105: Type of product | F105: =IF(Public!$C$129<>0,Public!$C$129,"")
B106: Reasonable Alternative | F106: =IF(Public!$F$129<>0,Public!$F$129,"")
B107: Restrictions / Limitation | F107: =IF(Public!$I$129<>0,Public!$I$129,"")
B108: Minimum percentage decrease | F108: =IF(Public!$K$129<>0,Public!$K$129,"")
A111: TAB: | B111: Purch-Achats
A113: P-Q1 | B113: Purchases and Product Knowledge by Country of Origin
A114: Firms
...
